Workbook
Name \b: #REF!
Name \c: #REF!
Name \i: #REF!
Name \m: #REF!
Name \t: #REF!
Name \x: #REF!
Name \z: #REF!
Name _bbb: #REF!
Name A: #REF!
Name A_impresión_IM: #REF!
Name ALTURA: '[3]SEDIMENTADOR ALTA TASA ALT.2'!$B$12
Name ANALISIS: #REF!
Name APUS: [4]APUS!$B$1:$N$487
Name APUS2: #REF!
Name APUS3: #REF!
Name BENEFICIARIOS: '[6]LISTA DE BENEFICIARIOS'!$B$4:$H$200
Name BORDE1: #REF!
Name BORDE2: #REF!
Name BORDE3: #REF!
Name CRITERIO: #REF!
Name DETENCION: '[7]CHEQUEO '!#REF!
Name E: #REF!
Name EQUIPO: #REF!
Name ESPESORPLACAS: '[3]SEDIMENTADOR ALTA TASA ALT.2'!$B$14
Name Excel_BuiltIn_Print_Area: #REF!
Name HILERAS: '[3]SEDIMENTADOR ALTA TASA ALT.2'!$B$8
Name INSUMOS: #REF!
Name ITEMS: #REF!
Name LISTA_MA: #REF!
Name LISTA_MO: #REF!
Name LISTADO_MATERIALES: '[9]LISTADO DE RECURSOS'!$B$4:$E$15
Name LISTADOS: '[9]LISTADO DE RECURSOS'!$B$18:$E$65
Name MANOBRA: #REF!
Name MATERIAL: #REF!
Name MEM_CANTS: '[9]MEMORIA DE CANTIDADES'!$B$1:$K$107
Name NUMERO: '[3]SEDIMENTADOR ALTA TASA ALT.2'!$B$7
Name P: #REF!
Name PPTO_GENERAL: '[9]PPTO GENERAL'!$B$9:$H$15
Name preacta: #REF!
Name PRINT_AREA: #REF!
Name PRINT_AREA_MI: #REF!
Name Q: #REF!
Name QMAX: [7]CALCULOS!$A$3
Name Qmed: '[3]SEDIMENTADOR ALTA TASA ALT.2'!$B$5
Name radianes: '[3]SEDIMENTADOR ALTA TASA ALT.2'!$B$16
Name RANGOCODIGOS: [9]APUS!$A$1:$A$189
Name RANGOSUMACODIGOS: [9]APUS!$P$1:$P$189
Name SUBA: '[11]SUB APU'!$A$1:$D$65536
Name Títulos_a_imprimir_IM: #REF!
Name TODOANA: #REF!
Name TODOINSU: #REF!
Name TODOITEM: #REF!
Name Vo: '[3]SEDIMENTADOR ALTA TASA ALT.2'!$B$18
Name vvvvv: #REF!
Name W: #REF!

Sheet PRESUPUESTO
B1: DEPARTAMENTO DE ANTIOQUIA MUNICIPIO DE CAUCASIA NIT: 890906445 - 2 | E1: Código: D-A- A4-01
E2: Versión: 2
E3: Fecha de Aprobación 29 de Diciembre de 2017
A5: SECRETARIA DE PLANEACION Y OBRAS PUBLICAS
A6: PRESUPUESTO DE OBRA A TODO COSTO
A7: OBJETO:
A8: AMPLIACION DE ALBERGUE TRANSITORIO DE FAUNA DOMESTICA EN EL MUNICIPIO DE CAUCASIA DEPARTAMENTO DE ANTIOQUIA.
A10: ITEM | B10: DESCRIPCION | C10: UND. | D10: CANT | E10: VR/UNIT. | F10: VR/TOTAL
A11: 1 | B11: PRELIMINARES | F11: =F12+F13 -> 719379
A12: 1.1 | B12: EXCAVACIÓN DE 0 A 2M de profundidad, manual en material heterogeneo (rocas hasta volumenes de 0.10) bajo cualquier grado de humedad, para estructuras( diferentes a pilas),para redes y obras complementarias. | C12: M3 | D12: ='MEMORIAS '!G13 -> 7.22 | E12: =APUS!E13 -> 39608.807 | F12: =ROUND(D12*E12,0) -> 285976
A13: 1.2 | B13: BOTADA DE MATERIAL, incluye cargue en volqueta y disposición final en escombrera o sitio donde indique la interventoría. | C13: M3 | D13: ='MEMORIAS '!G29 -> 7.22 | E13: =APUS!E30 -> 60028.144 | F13: =ROUND(D13*E13,0) -> 433403
A14: 2 | B14: ELEMENTOS EN CONCRETO | F14: =F15+F16+F17+F18 -> 15503264
A15: 2.1 | B15: Suministro e instalación de PLACA DE CONTRAPISO LLANEADA en concreto resistencia f'c = 21 MPa (3.000 psi.) No incluye refuerzo. | C15: M2 | D15: ='MEMORIAS '!G45 -> 72.21 | E15: =APUS!E50 -> 187495.6 | F15: =E15*D15 -> 13539057
A16: 2.2 | B16: Suministro e instalación de MALLA ELECTROSOLDADA U-84 | C16: M2 | D16: ='MEMORIAS '!G60 -> 72.21 | E16: =APUS!E67 -> 9154.7216 | F16: =D16*E16 -> 661062.44
A17: 2.3 | B17: Suministro e instalación de concreto de VIGAS AEREA resistencia f'c = 21 MPa (3.000 psi.). Incluye el suministro del concreto, mano de obra, vibrado, protección y curado, para estructuras de acuerdo con las diferentes dimensiones establecidas en los planos y diseños. incluye acarreo interno. No incluye refuerzo. | C17: M3 | D17: ='MEMORIAS '!G75 -> 0.37 | E17: =APUS!E91 -> 993023.1 | F17: =D17*E17 -> 367418.55
A18: 2.4 | B18: Suministro y figurado ACERO DE REFUERZO de fy = 420 MPa (60000psi),(zapatas, columnas, vigas, Escaleras, dovelas de mampostería y otros elementos) incluye amarres en alambre recocido. | C18: KG | D18: ='MEMORIAS '!G90 -> 103.45 | E18: =APUS!E108 -> 9045.2008 | F18: =D18*E18 -> 935726.02
A19: 3 | B19: MAMPOSTERIA Y CERRAMIENTO | F19: =F20+F21+F22 -> 11485354
A20: 3.1 | B20: Construcción muros de MAMPOSTERÍA EN LADRILLO 0.15*0.20*0.40 M, para revocar. Cumpliendo con norma NTC 4205. Incluye mortero de pega 1:4, trabas, dovelas,machones, cuchillas, remates de enrases, encorozados, aticos y chapas necesarias por detalles de construcción que se ejecuten en el mismo material que se esta midiendo.Todos los cortes seran realizados a maquina. (Según norma Icontec 451, 296 y la Astm C-652 y C-34) | C20: M2 | D20: ='MEMORIAS '!G106 -> 46.56 | E20: =APUS!E129 -> 94012.636 | F20: =D20*E20 -> 4377228.3
A21: 3.2 | B21: Suministro e instalación de MALLA ESLABONADA, calibre 10 ojo 5, Incluye tuberia galvanizada de 11/2" para postes con gallinazo sencillo cada 1,20 m. ( H poste = 1,200m. incluido gallinazos) y para pieamigos en esquinas e intermedios ( L = 1,2 m.), tuberia superior , altura malla 1,20 m.,pintura anticorrosiva y pintura de acabado color aluminio en soldadura, tapones en lamina galvanizada y demas elementos necesarios para su correcto funcionamiento. | C21: M | D21: ='MEMORIAS '!G121 -> 14.4 | E21: =APUS!E155 -> 350022.67 | F21: =D21*E21 -> 5040326.4
A22: 3.3 | B22: Suministro y colocación de puerta batiente en MALLA ESLABONADA, calibre 10 ojo 5, Incluye tuberia galvanizada de 11/2" para postes con gallinazo sencillo, (marco, ala y montante), pintura anticorrosiva y acabado con esmalte semibrillante y demás elementos necesarios para su correcta instalación y funcionamiento. | C22: UND | D22: 4 | E22: =APUS!E181 -> 516949.88 | F22: =D22*E22 -> 2067799.5
A23: 4 | B23: CUBIERTAS Y PINTURA | F23: =SUM(F24:F25) -> 5134106
A24: 4.1 | B24: RESANE Y REPINTE PINTURA INTERIOR sobre muros y cielos calidad vinIltex o similar tipo 1 o quivalente para interiores (hidrorepelente) de primera calidad que cumpla con la Norma NTC 1335, 3 manos o las que sean necesarias para obtener una superficie pareja y homogénea, a satisfacción de la interventoría. Incluye suministro de los materiales, preparada y adecuación de la superficie a intervenir. Color a definir según aprobación de la interventoría. | C24: M2 | D24: ='MEMORIAS '!G138 -> 93.12 | E24: =APUS!E203 -> 23184.778 | F24: =E24*D24 -> 2158966.5
A25: 4.2 | B25: Suministro, transporte e instalación de cubierta en TEJA DE ZINC y largeros 4x2 para cuerda superior. | C25: M2 | D25: ='MEMORIAS '!G152 -> 28.21 | E25: =APUS!I251 -> 105464 | F25: =E25*D25 -> 2975139.4
A26: 5 | B26: RED SANITARIA | F26: =SUM(F27:F29) -> 4031210.6
A27: 5.1 | B27: Suministro e instalación de SALIDA SANITARIA DE 4". Incluye accesorios, tubería 4.0m y todo lo necesario para su buen funcionamiento. | C27: UND | D27: 4 | E27: =APUS!E275 -> 267011.72 | F27: =D27*E27 -> 1068046.9
A28: 5.2 | B28: Construcción de CAJA DE INSPECCIÓN Y/O EMPALME DE 40*40*40 CMS concreto de 17.5Mpa, medidas internas (L=40cm). Incluye suministro e instalación de los materiales, tapa y herraje y todos los elementos necesarios para su correcta construcción y funcionamiento. Según normas técnicas de EEPP de Medellín. La excavación, llenos, entresuelo y acero de refuerzo se pagarán en su ítem respectivo. | C28: UND | D28: 1 | E28: =APUS!E299 -> 389408.17 | F28: =D28*E28 -> 389408.17
A29: 5.3 | B29: Suministro e instalación de TUBERÍA SANITARIA DE 4" para drenaje enterrada y/o empotrada. Incluye accesorios, excavación, lleno y todo lo necesario para su buen funcionamiento. | C29: ML | D29: 30 | E29: =APUS!E321 -> 85791.853 | F29: =D29*E29 -> 2573755.6
A30: 6 | B30: RED SANITARIA | F30: =SUM(F31) -> 2632776.3
A31: 6.1 | B31: Suministro e instalación de pintura epoxica para pisos | C31: UND | D31: 1 | E31: =APUS!E333 -> 2632776.3 | F31: =D31*E31 -> 2632776.3
A32: COSTOS DIRECTOS | F32: =F23+F19+F14+F11+F26+F30 -> 39506091
B33: ADMINISTRACION | D33: 0.3 | F33: =+F32*D33 -> 11851827
B34: UTILIDAD | D34: 0.05 | F34: =F32*D34 -> 1975304.5
B36: VALOR TOTAL DE LA OBRA | F36: =SUM(F32:F34) -> 53333222
B40: MANUEL MUÑOS PEREZ
B41: DIRECTOR DE OBRAS
B42: NOMBRE | C42: CARGO | E42: FIRMA | F42: FECHA
A43: REVISO Y APROBO: | B43: OSCAR SANTANA MAZO | C43: Coordinador Técnico Planeación | F43: 45896
A44: Los de arriba firmante hemos declarado que revisamos el documento y lo encontramos ajustado a las normas y disposiciones legales vigentes y por lo tanto, bajo nuestra responsabilidad lo presentamos para la firma.

Sheet APUS
A1: =PRESUPUESTO!B12 -> EXCAVACIÓN DE 0 A 2M de profundidad, manual en material heterogeneo (rocas hasta volumenes de 0.10) bajo cualquier grado de humedad, para estructuras( diferentes a pilas),para redes y obras complementarias. | E1: No. Item | F1: Unidad
E2: =PRESUPUESTO!A12 -> 1.1 | F2: =PRESUPUESTO!C12 -> M3
A3: Clave | B3: Mano de Obra | C3: Unidad | D3: Cantidad | E3: V/Unitario | F3: V/Total
A4: AYUDANTE RASO | B4: Ayudante raso | C4: jor | D4: 0.25 | E4: 107562.07 | F4: =D4*E4 -> 26890.518
A5: AYUDANTE ACARREO INT | B5: Ayudante acarreo interno | C5: jor | D5: 0.125 | E5: 83381.452 | F5: =D5*E5 -> 10422.681
A6: Total de Mano de Obra | C6: =1/D5 -> 8 | D6: =1/D4 -> 4 | E6: SUBTOTAL | F6: =F4+F5 -> 37313.2
A7: Clave | B7: Herramienta | C7: Unidad | D7: Cantidad | E7: V/Unitario | F7: V/Total
A8: HERRAMIENTA MENOR | B8: Herramienta menor | C8: (%)mo | D8: 0.05 | E8: =F6 -> 37313.2 | F8: =D8*E8 -> 1865.66
A9: Total de Herramienta | E9: SUBTOTAL | F9: =F8 -> 1865.66
A10: Clave | B10: Equipo | C10: Unidad | D10: Cantidad | E10: V/Unitario | F10: V/Total
A11: MOTOBOMBA SUMER ALQU | B11: Motobomba Eléctrica Sumergible 2" - 30m prof. Incluye manguera flexible 2" (26m), extensión eléctrica encauchetada (50m). | C11: día | D11: 0.01 | E11: 42994.768 | F11: =D11*E11 -> 429.94768
A12: Total de Equipo | E12: SUBTOTAL | F12: =F11 -> 429.94768
A13: P R E C I O U N I T A R I O | E13: =SUM(F6+F9+F12) -> 39608.807
A15: =PRESUPUESTO!B13 -> BOTADA DE MATERIAL, incluye cargue en volqueta y disposición final en escombrera o sitio donde indique la interventoría. | E15: No. Item | F15: Unidad
E16: =PRESUPUESTO!A13 -> 1.2 | F16: =PRESUPUESTO!C13 -> M3
A17: Clave | B17: Mano de Obra | C17: Unidad | D17: Cantidad | E17: V/Unitario | F17: V/Total
A18: AYUDANTE RASO | B18: Ayudante raso | C18: jor | D18: 0.25 | E18: 83081 | F18: =D18*E18 -> 20770.25
A19: AYUDANTE ACARREO INT | B19: Ayudante acarreo interno | C19: jor | D19: 0.125 | E19: =+E18 -> 83081 | F19: =D19*E19 -> 10385.125
A20: Total de Mano de Obra | C20: =1/D19 -> 8 | D20: =1/D18 -> 4 | E20: SUBTOTAL | F20: =F18+F19 -> 31155.375
A21: Clave | B21: Herramienta | C21: Unidad | D21: Cantidad | E21: V/Unitario | F21: V/Total
A22: HERRAMIENTA MENOR | B22: Herramienta menor | C22: (%)mo | D22: 0.05 | E22: =F20 -> 31155.375 | F22: =D22*E22 -> 1557.7688
A23: Total de Herramienta | E23: SUBTOTAL | F23: =F22 -> 1557.7688
A24: Clave | B24: Equipo | C24: Unidad | D24: Cantidad | E24: V/Unitario | F24: V/Total
A26: Total de Equipo | E26: SUBTOTAL | F26: =F25 -> 0
A27: Clave | B27: Auxiliares | C27: Unidad | D27: Cantidad | E27: V/Unitario | F27: V/Total
A28: CARGUE/TRANS/BOTAD | B28: Cargue (Paleros) y/o almacenamiento en bodega. | C28: m3 | D28: 1.8 | E28: 15175 | F28: =D28*E28 -> 27315
A29: Total de Auxiliares | E29: SUBTOTAL | F29: =F28 -> 27315
A30: P R E C I O U N I T A R I O | E30: =SUM(F20+F23+F26+F29) -> 60028.144
A32: =PRESUPUESTO!B15 -> Suministro e instalación de PLACA DE CONTRAPISO LLANEADA en concreto resistencia f'c = 21 MPa (3.000 psi.) No incluye refuerzo. | E32: No. Item | F32: Unidad
E33: =PRESUPUESTO!A15 -> 2.1 | F33: =PRESUPUESTO!C15 -> M2
A34: Clave | B34: Materiales | C34: Unidad | D34: Cantidad | E34: V/Unitario | F34: V/Total
A35: Formaleta | B35: Formaleta para concreto en madera.15mm | C35: un | D35: 0.32 | E35: 35000 | F35: =D35*E35 -> 11200
A36: Concreto | B36: Concreto de 21 Mpa preparado en obra (3000PSI) | C36: m3 | D36: 0.157 | E36: 862254 | F36: =D36*E36 -> 135373.88
A37: Total de Materiales | E37: SUBTOTAL | F37: =SUM(F35:F36) -> 146573.88
A38: Clave | B38: Mano de Obra | C38: Unidad | D38: Cantidad | E38: V/Unitario | F38: V/Total
A39: CUAD DREN-SOILNAILIN | B39: Cuadrilla 1 of + 1 ay. Ent. + 1 ay. raso | C39: jor | D39: 0.1 | E39: 327689 | F39: =D39*E39 -> 32768.9
A40: Total de Mano de Obra | E40: SUBTOTAL | F40: =F39 -> 32768.9
A41: Clave | B41: Herramienta | C41: Unidad | D41: Cantidad | E41: V/Unitario | F41: V/Total
A42: HERRAMIENTA MENOR | B42: Herramienta menor | C42: (%)mo | D42: 0.05 | E42: =F40 -> 32768.9 | F42: =D42*E42 -> 1638.445
A43: Total de Herramienta | E43: SUBTOTAL | F43: =F42 -> 1638.445
A44: Clave | B44: Equipo | C44: Unidad | D44: Cantidad | E44: V/Unitario | F44: V/Total
A45: VIBRADOR CONCRE ELEC | B45: Vibrador de concreto eléctrico a 110v (alquiler). Tipo aguja | C45: día | D45: 0.02 | E45: 138218.99 | F45: =D45*E45 -> 2764.3798
A46: Total de Equipo | E46: SUBTOTAL | F46: =F45 -> 2764.3798
A47: Clave | B47: Auxiliares | C47: Unidad | D47: Cantidad | E47: V/Unitario | F47: V/Total
A48: ACARREO INT MAT (M3) | B48: Acarreo interno de materiales | C48: M3 | D48: 0.15 | E48: 25000 | F48: =D48*E48 -> 3750
A49: Total de Auxiliares | E49: SUBTOTAL | F49: =F48 -> 3750
A50: P R E C I O U N I T A R I O | E50: =F37+F40+F43+F46+F49 -> 187495.6
A52: =PRESUPUESTO!B16 -> Suministro e instalación de MALLA ELECTROSOLDADA U-84 | E52: No. Item | F52: Unidad
E53: =PRESUPUESTO!A16 -> 2.2 | F53: =PRESUPUESTO!C16 -> M2
A54: Clave | B54: Materiales | C54: Unidad | D54: Cantidad | E54: V/Unitario | F54: V/Total
B55: Malla electrosoldada D-84 | C55: m2 | D55: 1 | E55: 5309 | F55: =D55*E55 -> 5309
B56: Alambre recocido | C56: kg | D56: 0.2 | E56: 2683 | F56: =D56*E56 -> 536.6
A57: Total de Materiales | E57: SUBTOTAL | F57: =F55+F56 -> 5845.6
A58: Clave | B58: Mano de Obra | C58: Unidad | D58: Cantidad | E58: V/Unitario | F58: V/Total
A59: CUADRILLA | B59: Cuadrilla of+ay | C59: jor | D59: 0.007 | E59: 411071 | F59: =D59*E59 -> 2877.497
A60: Total de Mano de Obra | E60: SUBTOTAL | F60: =F59 -> 2877.497
A61: Clave | B61: Herramienta | C61: Unidad | D61: Cantidad | E61: V/Unitario | F61: V/Total
A62: HERRAMIENTA MENOR | B62: Herramienta menor | C62: (%)mo | D62: 0.05 | E62: =F60 -> 2877.497 | F62: =D62*E62 -> 143.87485
A63: Total de Herramienta | E63: SUBTOTAL | F63: =F62 -> 143.87485
A64: Clave | B64: Auxiliares | C64: Unidad | D64: Cantidad | E64: V/Unitario | F64: V/Total
A65: ACARREO INT MAT (M3) | B65: Acarreo interno de materiales | C65: m3 | D65: 0.1 | E65: =+F60 -> 2877.497 | F65: =D65*E65 -> 287.7497
A66: Total de Auxiliares | E66: SUBTOTAL | F66: =F65 -> 287.7497
A67: P R E C I O U N I T A R I O | E67: =F57+F60+F63+F66 -> 9154.7216
A69: =PRESUPUESTO!B17 -> Suministro e instalación de concreto de VIGAS AEREA resistencia f'c = 21 MPa (3.000 psi.). Incluye el suministro del concreto, mano de obra, vibrado, protección y curado, para estructuras de acuerdo con las diferentes dimensiones establecidas en los planos y diseños. incluye acarreo interno. No incluye refuerzo. | E69: No. Item | F69: Unidad
E70: =PRESUPUESTO!A17 -> 2.3 | F70: =PRESUPUESTO!C17 -> M3
A71: Clave | B71: Materiales | C71: Unidad | D71: Cantidad | E71: V/Unitario | F71: V/Total
A72: CONCRE OBRA 21MPA | B72: Concreto de 21 Mpa preparado en obra (3000PSI) | C72: m3 | D72: 1.05 | E72: 862254.5 | F72: =D72*E72 -> 905367.22
A73: ALAMBRE RECOCIDO | B73: Alambre recocido C 18 | C73: kg | D73: 0.5 | E73: 19080 | F73: =D73*E73 -> 9540
A74: CLAVO 1" | B74: Clavo común de 1". Caja x 500gr. | C74: lb | D74: 0.3 | E74: 5100 | F74: =D74*E74 -> 1530
A75: LARGUMADERCOMUN | B75: Largueros de 2"X2" por 2,80 m | C75: un | D75: 0.53 | E75: 22900 | F75: =D75*E75 -> 12137
A76: SUPERT 19MM (UN) | B76: Super T de 19 mm. de 1,53 x 2,44 m. | C76: un | D76: 0.037503 | E76: 289000 | F76: =D76*E76 -> 10838.367
A77: TABLA 1.7X0.20 | B77: Tabla madera común de 1,7cm x 20cm x 3,0m. | C77: un | D77: 0.22 | E77: 27500 | F77: =D77*E77 -> 6050
A78: Total de Materiales | E78: SUBTOTAL | F78: =F72+F73+F74+F75+F76+F77 -> 945462.59
A79: Clave | B79: Mano de Obra | C79: Unidad | D79: Cantidad | E79: V/Unitario | F79: V/Total
A80: CUAD 1OF+1AYU O.N. | B80: Cuadrilla 1Of + 1 Ay Obra Negra | C80: jor | D80: 0.06419 | E80: 269796.66 | F80: =D80*E80 -> 17318.248
A81: Total de Mano de Obra | E81: SUBTOTAL | F81: =F80 -> 17318.248
A82: Clave | B82: Herramienta | C82: Unidad | D82: Cantidad | E82: V/Unitario | F82: V/Total
A83: HERRAMIENTA MENOR | B83: Herramienta menor | C83: (%)mo | D83: 0.05 | E83: =F81 -> 17318.248 | F83: =D83*E83 -> 865.91238
A84: Total de Herramienta | E84: SUBTOTAL | F84: =F83 -> 865.91238
A85: Clave | B85: Equipo | C85: Unidad | D85: Cantidad | E85: V/Unitario | F85: V/Total
A86: VIBRADOR CONCRE ELEC | B86: Vibrador de concreto eléctrico a 110v (alquiler). Tipo aguja | C86: día | D86: 0.08 | E86: 74175.575 | F86: =D86*E86 -> 5934.046
A87: Total de Equipo | E87: SUBTOTAL | F87: =F86 -> 5934.046
A88: Clave | B88: Auxiliares | C88: Unidad | D88: Cantidad | E88: V/Unitario | F88: V/Total
A89: ACARREO INT MAT (M3) | B89: Acarreo interno de materiales | C89: m3 | D89: 1.05 | E89: 22326 | F89: =D89*E89 -> 23442.3
A90: Total de Auxiliares | E90: SUBTOTAL | F90: =F89 -> 23442.3
A91: P R E C I O U N I T A R I O | E91: =F90+F87+F84+F81+F78 -> 993023.1
A93: =PRESUPUESTO!B18 -> Suministro y figurado ACERO DE REFUERZO de fy = 420 MPa (60000psi),(zapatas, columnas, vigas, Escaleras, dovelas de mampostería y otros elementos) incluye amarres en alambre recocido. | E93: No. Item | F93: Unidad
E94: =PRESUPUESTO!A18 -> 2.4 | F94: =PRESUPUESTO!C18 -> KG
A95: Clave | B95: Materiales | C95: Unidad | D95: Cantidad | E95: V/Unitario | F95: V/Total
A96: Acero refu | B96: Acero Fy = 420 MPa (60.000 psi) d> 1/4" | C96: kg | D96: 1.05 | E96: 4500 | F96: =D96*E96 -> 4725
A97: Alambre | B97: Alambre negro cal 18 | C97: kg | D97: 0.03 | E97: 19080 | F97: =D97*E97 -> 572.4
A98: Total de Materiales | E98: SUBTOTAL | F98: =F96+F97 -> 5297.4
A99: Clave | B99: Mano de Obra | C99: Unidad | D99: Cantidad | E99: V/Unitario | F99: V/Total
A100: CUADRILLA | B100: Cuadrilla of+ay | C100: jor | D100: 0.0071 | E100: 269796.66 | F100: =D100*E100 -> 1915.5563
A101: Total de Mano de Obra | E101: SUBTOTAL | F101: =F100 -> 1915.5563
A102: Clave | B102: Herramienta | C102: Unidad | D102: Cantidad | E102: V/Unitario | F102: V/Total
A103: HERRAMIENTA MENOR | B103: Herramienta menor | C103: (%)mo | D103: 0.05 | E103: =F101 -> 1915.5563 | F103: =D103*E103 -> 95.777814
A104: Total de Herramienta | E104: SUBTOTAL | F104: =F103 -> 95.777814
A105: Clave | B105: Auxiliares | C105: Unidad | D105: Cantidad | E105: V/Unitario | F105: V/Total
A106: ACARREO INT MAT (M3) | B106: Acarreo interno de materiales | C106: m3 | D106: =(8/60)*(35/60) -> 0.077777778 | E106: 22326 | F106: =D106*E106 -> 1736.4667
...

Sheet MEMORIAS 
A1: MEMORIA DE CÁLCULO DE CANTIDADES DE OBRA
A2: CAPITULO: | C2: =PRESUPUESTO!A8 -> AMPLIACION DE ALBERGUE TRANSITORIO DE FAUNA DOMESTICA EN EL MUNICIPIO DE CAUCASIA DEPARTAMENTO DE ANTIOQUIA. | H2: ELABORÓ: | I2: FECHA:
I3: 44958
A4: ITEM | B4: =PRESUPUESTO!B12 -> EXCAVACIÓN DE 0 A 2M de profundidad, manual en material heterogeneo (rocas hasta volumenes de 0.10) bajo cualquier grado de humedad, para estructuras( diferentes a pilas),para redes y obras complementarias. | I4: UNIDAD:
A5: =PRESUPUESTO!A12 -> 1.1 | I5: =PRESUPUESTO!C12 -> M3
A6: UBICACIÓN | C6: LARGO | D6: ANCHO | E6: ALTURA | F6: CANT. | G6: TOTAL | H6: DETALLES
A7: LOSA DE ENTRE PISO | C7: 9.1 | D7: 3.1 | E7: 0.1 | F7: 1 | G7: =PRODUCT(C7:F7) -> 2.821
A8: LOSA DE ENTRE PISO CENTRO | C8: 8 | D8: 5.5 | E8: 0.1 | F8: 1 | G8: =PRODUCT(C8:F8) -> 4.4
F13: TOTAL | G13: =ROUND((SUM(G7:G12)),2) -> 7.22
A16: MEMORIA DE CÁLCULO DE CANTIDADES DE OBRA
A17: CAPITULO: | C17: =PRESUPUESTO!A8 -> AMPLIACION DE ALBERGUE TRANSITORIO DE FAUNA DOMESTICA EN EL MUNICIPIO DE CAUCASIA DEPARTAMENTO DE ANTIOQUIA. | H17: ELABORÓ: | I17: FECHA:
A19: ITEM | B19: =PRESUPUESTO!B13 -> BOTADA DE MATERIAL, incluye cargue en volqueta y disposición final en escombrera o sitio donde indique la interventoría. | I19: UNIDAD:
A20: =PRESUPUESTO!A13 -> 1.2 | I20: =PRESUPUESTO!C13 -> M3
A21: UBICACIÓN | C21: LARGO | D21: ANCHO | E21: ALTURA | F21: CANT. | G21: TOTAL | H21: DETALLES
A22: =A7 -> LOSA DE ENTRE PISO | C22: 9.1 | D22: 3.1 | E22: 0.1 | F22: 1 | G22: =PRODUCT(C22:F22) -> 2.821
A23: LOSA DE ENTRE PISO CENTRO | C23: 8 | D23: 5.5 | E23: 0.1 | F23: 1 | G23: =PRODUCT(C23:F23) -> 4.4
F29: TOTAL | G29: =ROUND((SUM(G22:G28)),2) -> 7.22
A32: MEMORIA DE CÁLCULO DE CANTIDADES DE OBRA
A33: CAPITULO: | C33: =PRESUPUESTO!A8 -> AMPLIACION DE ALBERGUE TRANSITORIO DE FAUNA DOMESTICA EN EL MUNICIPIO DE CAUCASIA DEPARTAMENTO DE ANTIOQUIA. | H33: ELABORÓ: | I33: FECHA:
A35: ITEM | B35: =PRESUPUESTO!B15 -> Suministro e instalación de PLACA DE CONTRAPISO LLANEADA en concreto resistencia f'c = 21 MPa (3.000 psi.) No incluye refuerzo. | I35: UNIDAD:
A36: =PRESUPUESTO!A15 -> 2.1 | I36: =PRESUPUESTO!C15 -> M2
A37: UBICACIÓN | C37: LARGO | D37: ANCHO | E37: ALTURA | F37: CANT. | G37: TOTAL | H37: DETALLES
A38: LOSA DE ENTRE PISO | C38: =C22 -> 9.1 | D38: =D22 -> 3.1 | F38: 1 | G38: =PRODUCT(C38:F38) -> 28.21
A39: LOSA DE ENTRE PISO CENTRO | C39: 8 | D39: 5.5 | F39: 1 | G39: =PRODUCT(C39:F39) -> 44
F45: TOTAL | G45: =ROUND((SUM(G38:G44)),2) -> 72.21
A47: MEMORIA DE CÁLCULO DE CANTIDADES DE OBRA
A48: CAPITULO: | C48: =PRESUPUESTO!A8 -> AMPLIACION DE ALBERGUE TRANSITORIO DE FAUNA DOMESTICA EN EL MUNICIPIO DE CAUCASIA DEPARTAMENTO DE ANTIOQUIA. | H48: ELABORÓ: | I48: FECHA:
A50: ITEM | B50: =PRESUPUESTO!B16 -> Suministro e instalación de MALLA ELECTROSOLDADA U-84 | I50: UNIDAD:
A51: =PRESUPUESTO!A16 -> 2.2 | I51: =PRESUPUESTO!C16 -> M2
A52: UBICACIÓN | C52: LARGO | D52: ANCHO | E52: ALTURA | F52: CANT. | G52: TOTAL | H52: DETALLES
A53: LOSA DE ENTRE PISO | C53: =C38 -> 9.1 | D53: =D38 -> 3.1 | F53: 1 | G53: =PRODUCT(C53:F53) -> 28.21
A54: LOSA DE ENTRE PISO CENTRO | C54: 8 | D54: 5.5 | F54: 1 | G54: =PRODUCT(C54:F54) -> 44
F60: TOTAL | G60: =ROUND((SUM(G53:G59)),2) -> 72.21
A62: MEMORIA DE CÁLCULO DE CANTIDADES DE OBRA
A63: CAPITULO: | C63: =PRESUPUESTO!A8 -> AMPLIACION DE ALBERGUE TRANSITORIO DE FAUNA DOMESTICA EN EL MUNICIPIO DE CAUCASIA DEPARTAMENTO DE ANTIOQUIA. | H63: ELABORÓ: | I63: FECHA:
A65: ITEM | B65: =PRESUPUESTO!B17 -> Suministro e instalación de concreto de VIGAS AEREA resistencia f'c = 21 MPa (3.000 psi.). Incluye el suministro del concreto, mano de obra, vibrado, protección y curado, para estructuras de acuerdo con las diferentes dimensiones establecidas en los planos y diseños. incluye acarreo interno. No incluye refuerzo. | I65: UNIDAD:
A66: =PRESUPUESTO!A15 -> 2.1 | I66: =PRESUPUESTO!C17 -> M3
A67: UBICACIÓN | C67: LARGO | D67: ANCHO | E67: ALTURA | F67: CANT. | G67: TOTAL | H67: DETALLES
A68: VIGA AEREA | C68: =C53+D53 -> 12.2 | D68: 0.15 | E68: 0.2 | F68: 1 | G68: =PRODUCT(C68:F68) -> 0.366
F75: TOTAL | G75: =ROUND((SUM(G68:G74)),2) -> 0.37
A77: MEMORIA DE CÁLCULO DE CANTIDADES DE OBRA
A78: CAPITULO: | C78: =PRESUPUESTO!A8 -> AMPLIACION DE ALBERGUE TRANSITORIO DE FAUNA DOMESTICA EN EL MUNICIPIO DE CAUCASIA DEPARTAMENTO DE ANTIOQUIA. | H78: ELABORÓ: | I78: FECHA:
A80: ITEM | B80: =PRESUPUESTO!B18 -> Suministro y figurado ACERO DE REFUERZO de fy = 420 MPa (60000psi),(zapatas, columnas, vigas, Escaleras, dovelas de mampostería y otros elementos) incluye amarres en alambre recocido. | I80: UNIDAD:
A81: =PRESUPUESTO!A18 -> 2.4 | I81: =PRESUPUESTO!#REF! -> #REF!
A82: UBICACIÓN | C82: LARGO | D82: ANCHO | E82: ALTURA | F82: CANT. | G82: TOTAL | H82: DETALLES
A83: VIGA AEREA | F83: 41 | G83: 41
A84: DOBELAS | F84: 27 | G84: 27
A85: ESTRIVOS | F85: =16.33+19.12 -> 35.45 | G85: =F85 -> 35.45
F90: TOTAL | G90: =ROUND((SUM(G83:G89)),2) -> 103.45
A92: MEMORIA DE CÁLCULO DE CANTIDADES DE OBRA
A93: CAPITULO: | C93: =PRESUPUESTO!A8 -> AMPLIACION DE ALBERGUE TRANSITORIO DE FAUNA DOMESTICA EN EL MUNICIPIO DE CAUCASIA DEPARTAMENTO DE ANTIOQUIA. | H93: ELABORÓ: | I93: FECHA:
A95: ITEM | B95: =PRESUPUESTO!B20 -> Construcción muros de MAMPOSTERÍA EN LADRILLO 0.15*0.20*0.40 M, para revocar. Cumpliendo con norma NTC 4205. Incluye mortero de pega 1:4, trabas, dovelas,machones, cuchillas, remates de enrases, encorozados, aticos y chapas necesarias por detalles de construcción que se ejecuten en el mismo material que se esta midiendo.Todos los cortes seran realizados a maquina. (Según norma Icontec 451, 296 y la Astm C-652 y C-34) | I95: UNIDAD:
A96: =PRESUPUESTO!A20 -> 3.1 | I96: =PRESUPUESTO!C20 -> M2
A97: UBICACIÓN | C97: LARGO | D97: ANCHO | E97: ALTURA | F97: CANT. | G97: TOTAL | H97: DETALLES
A98: MURO TRASERO | C98: 9.1 | E98: 2.4 | G98: =PRODUCT(C98:F98) -> 21.84
A99: MURO LATERAL | C99: 3.1 | E99: 2.4 | G99: =PRODUCT(C99:F99) -> 7.44
A100: DIVICIONES | C100: 2.4 | E100: 1.2 | F100: 4 | G100: =PRODUCT(C100:F100) -> 11.52
A101: DIVICIONES | C101: 1.2 | E101: 1.2 | F101: 4 | G101: =PRODUCT(C101:F101) -> 5.76
G102: =PRODUCT(C102:F102) -> 0
G103: =PRODUCT(C103:F103) -> 0
G104: =PRODUCT(C104:F104) -> 0
G105: =PRODUCT(C105:F105) -> 0
F106: TOTAL | G106: =ROUND((SUM(G98:G105)),2) -> 46.56
A108: MEMORIA DE CÁLCULO DE CANTIDADES DE OBRA
A109: CAPITULO: | C109: =PRESUPUESTO!A8 -> AMPLIACION DE ALBERGUE TRANSITORIO DE FAUNA DOMESTICA EN EL MUNICIPIO DE CAUCASIA DEPARTAMENTO DE ANTIOQUIA. | H109: ELABORÓ: | I109: FECHA:
A111: ITEM | B111: =PRESUPUESTO!B21 -> Suministro e instalación de MALLA ESLABONADA, calibre 10 ojo 5, Incluye tuberia galvanizada de 11/2" para postes con gallinazo sencillo cada 1,20 m. ( H poste = 1,200m. incluido gallinazos) y para pieamigos en esquinas e intermedios ( L = 1,2 m.), tuberia superior , altura malla 1,20 m.,pintura anticorrosiva y pintura de acabado color aluminio en soldadura, tapones en lamina galvanizada y demas elementos necesarios para su correcto funcionamiento. | I111: UNIDAD:
A112: =PRESUPUESTO!A21 -> 3.2 | I112: =PRESUPUESTO!#REF! -> #REF!
A113: UBICACIÓN | C113: LARGO | D113: ANCHO | E113: ALTURA | F113: CANT. | G113: TOTAL | H113: DETALLES
A114: MURO DELANTERO | C114: 4.8 | G114: =PRODUCT(C114:F114) -> 4.8
A115: MURO LATERAL | C115: 2.4 | G115: =PRODUCT(C115:F115) -> 2.4
A116: DIVICIONES | C116: 2.4 | F116: 3 | G116: =PRODUCT(C116:F116) -> 7.2
G117: =PRODUCT(C117:F117) -> 0
G118: =PRODUCT(C118:F118) -> 0
G119: =PRODUCT(C119:F119) -> 0
G120: =PRODUCT(C120:F120) -> 0
F121: TOTAL | G121: =ROUND((SUM(G114:G120)),2) -> 14.4
A123: MEMORIA DE CÁLCULO DE CANTIDADES DE OBRA
A125: CAPITULO: | C125: =PRESUPUESTO!A43 -> REVISO Y APROBO: | H125: ELABORÓ: | I125: FECHA:
A127: ITEM | B127: =PRESUPUESTO!B24 -> RESANE Y REPINTE PINTURA INTERIOR sobre muros y cielos calidad vinIltex o similar tipo 1 o quivalente para interiores (hidrorepelente) de primera calidad que cumpla con la Norma NTC 1335, 3 manos o las que sean necesarias para obtener una superficie pareja y homogénea, a satisfacción de la interventoría. Incluye suministro de los materiales, preparada y adecuación de la superficie a intervenir. Color a definir según aprobación de la interventoría. | I127: UNIDAD:
A128: =PRESUPUESTO!A24 -> 4.1 | I128: =PRESUPUESTO!C24 -> M2
A129: UBICACIÓN | C129: LARGO | D129: ANCHO | E129: ALTURA | F129: CANT. | G129: TOTAL | H129: DETALLES
A130: MURO TRASERO | C130: 9.1 | E130: 2.4 | F130: 2 | G130: =PRODUCT(C130:F130) -> 43.68
A131: MURO LATERAL | C131: 3.1 | E131: 2.4 | F131: 2 | G131: =PRODUCT(C131:F131) -> 14.88
A132: DIVICIONES | C132: 2.4 | E132: 1.2 | F132: =4*2 -> 8 | G132: =PRODUCT(C132:F132) -> 23.04
A133: DIVICIONES | C133: 1.2 | E133: 1.2 | F133: =4*2 -> 8 | G133: =PRODUCT(C133:F133) -> 11.52
G134: =PRODUCT(C134:F134) -> 0
G135: =PRODUCT(C135:F135) -> 0
G136: =PRODUCT(C136:F136) -> 0
G137: =PRODUCT(C137:F137) -> 0
F138: TOTAL | G138: =ROUND((SUM(G130:G137)),2) -> 93.12
A140: MEMORIA DE CÁLCULO DE CANTIDADES DE OBRA
A141: CAPITULO: | C141: =PRESUPUESTO!A8 -> AMPLIACION DE ALBERGUE TRANSITORIO DE FAUNA DOMESTICA EN EL MUNICIPIO DE CAUCASIA DEPARTAMENTO DE ANTIOQUIA. | H141: ELABORÓ: | I141: FECHA:
I142: 44958
A143: ITEM | B143: =PRESUPUESTO!B25 -> Suministro, transporte e instalación de cubierta en TEJA DE ZINC y largeros 4x2 para cuerda superior. | I143: UNIDAD:
A144: =PRESUPUESTO!A25 -> 4.2 | I144: =PRESUPUESTO!C156 -> 0
A145: UBICACIÓN | C145: LARGO | D145: ANCHO | E145: ALTURA | F145: CANT. | G145: TOTAL | H145: DETALLES
A146: LOSA DE ENTRE PISO | C146: 9.1 | D146: 3.1 | G146: =PRODUCT(C146:F146) -> 28.21
F152: TOTAL | G152: =ROUND((SUM(G146:G151)),2) -> 28.21

Sheet CRONOGRAMA
A1: DEPARTAMENTO DE ANTIOQUIA
A2: DEPARTAMENTO DE ANTIOQUIA | B2: MUNICIPIO DE CAUCASIA
B3: SECRETARIA DE PLANEACION Y OBRAS PUBLICAS
A4: CRONOGRAMA DE OBRA
A5: OBJETO:
A6: =PRESUPUESTO!A8 -> AMPLIACION DE ALBERGUE TRANSITORIO DE FAUNA DOMESTICA EN EL MUNICIPIO DE CAUCASIA DEPARTAMENTO DE ANTIOQUIA.
A8: ITEM | B8: DESCRIPCION | C8: VALOR | D8: PORCENTAJE | E8: SEMANA 1 | F8: SEMANA 2 | G8: SEMANA 3
A10: 1 | B10: PRELIMINARES | C10: 719379 | D10: =C10/C32 -> 0.018209319
A11: 1.1 | B11: EXCAVACIÓN DE 0 A 2M de profundidad, manual en material heterogeneo (rocas hasta volumenes de 0.10) bajo cualquier grado de humedad, para estructuras( diferentes a pilas),para redes y obras complementarias. | C11: 285976 | D11: =C11/$C$32 -> 0.0072387826 | E11: =C11 -> 285976
A12: 1.2 | B12: BOTADA DE MATERIAL, incluye cargue en volqueta y disposición final en escombrera o sitio donde indique la interventoría. | C12: 433403 | D12: =C12/$C$32 -> 0.010970536 | E12: =C12 -> 433403
A13: 2 | B13: ELEMENTOS EN CONCRETO | C13: 15503264 | D13: =C13/$C$32 -> 0.3924272
A14: 2.1 | B14: Suministro e instalación de PLACA DE CONTRAPISO LLANEADA en concreto resistencia f'c = 21 MPa (3.000 psi.) No incluye refuerzo. | C14: 13539057 | D14: =C14/$C$32 -> 0.34270811 | E14: =C14/2 -> 6769528.7 | F14: =E14 -> 6769528.7
A15: 2.2 | B15: Suministro e instalación de MALLA ELECTROSOLDADA U-84 | C15: 661062.44 | D15: =C15/$C$32 -> 0.016733178 | E15: =C15/2 -> 330531.22 | F15: =E15 -> 330531.22
A16: 2.3 | B16: Suministro e instalación de concreto de VIGAS AEREA resistencia f'c = 21 MPa (3.000 psi.). Incluye el suministro del concreto, mano de obra, vibrado, protección y curado, para estructuras de acuerdo con las diferentes dimensiones establecidas en los planos y diseños. incluye acarreo interno. No incluye refuerzo. | C16: 367418.55 | D16: =C16/$C$32 -> 0.0093003014 | F16: =C16 -> 367418.55
A17: 2.4 | B17: Suministro y figurado ACERO DE REFUERZO de fy = 420 MPa (60000psi),(zapatas, columnas, vigas, Escaleras, dovelas de mampostería y otros elementos) incluye amarres en alambre recocido. | C17: 935726.02 | D17: =C17/$C$32 -> 0.023685614 | F17: =C17/2 -> 467863.01 | G17: =F17 -> 467863.01
A18: 3 | B18: MAMPOSTERIA Y CERRAMIENTO | C18: 11485354 | D18: =C18/$C$32 -> 0.29072364
A19: 3.1 | B19: Construcción muros de MAMPOSTERÍA EN LADRILLO 0.15*0.20*0.40 M, para revocar. Cumpliendo con norma NTC 4205. Incluye mortero de pega 1:4, trabas, dovelas,machones, cuchillas, remates de enrases, encorozados, aticos y chapas necesarias por detalles de construcción que se ejecuten en el mismo material que se esta midiendo.Todos los cortes seran realizados a maquina. (Según norma Icontec 451, 296 y la Astm C-652 y C-34) | C19: 4377228.3 | D19: =C19/$C$32 -> 0.11079882 | F19: =C19/2 -> 2188614.2 | G19: =F19 -> 2188614.2
A20: 3.2 | B20: Suministro e instalación de MALLA ESLABONADA, calibre 10 ojo 5, Incluye tuberia galvanizada de 11/2" para postes con gallinazo sencillo cada 1,20 m. ( H poste = 1,200m. incluido gallinazos) y para pieamigos en esquinas e intermedios ( L = 1,2 m.), tuberia superior , altura malla 1,20 m.,pintura anticorrosiva y pintura de acabado color aluminio en soldadura, tapones en lamina galvanizada y demas elementos necesarios para su correcto funcionamiento. | C20: 5040326.4 | D20: =C20/$C$32 -> 0.12758353 | F20: =C20/2 -> 2520163.2 | G20: =F20 -> 2520163.2
A21: 3.3 | B21: Suministro y colocación de puerta batiente en MALLA ESLABONADA, calibre 10 ojo 5, Incluye tuberia galvanizada de 11/2" para postes con gallinazo sencillo, (marco, ala y montante), pintura anticorrosiva y acabado con esmalte semibrillante y demás elementos necesarios para su correcta instalación y funcionamiento. | C21: 2067799.5 | D21: =C21/$C$32 -> 0.052341285 | F21: =C21/2 -> 1033899.8 | G21: =F21 -> 1033899.8
A22: 4 | B22: CUBIERTAS Y PINTURA | C22: 5134106 | D22: =C22/$C$32 -> 0.12995733
A23: 4.1 | B23: RESANE Y REPINTE PINTURA INTERIOR sobre muros y cielos calidad vinIltex o similar tipo 1 o quivalente para interiores (hidrorepelente) de primera calidad que cumpla con la Norma NTC 1335, 3 manos o las que sean necesarias para obtener una superficie pareja y homogénea, a satisfacción de la interventoría. Incluye suministro de los materiales, preparada y adecuación de la superficie a intervenir. Color a definir según aprobación de la interventoría. | C23: 2158966.5 | D23: =C23/$C$32 -> 0.054648954 | G23: =C23 -> 2158966.5
A24: 4.2 | B24: Suministro, transporte e instalación de cubierta en TEJA DE ZINC y largeros 4x2 para cuerda superior. | C24: 2975139.4 | D24: =C24/$C$32 -> 0.075308374 | G24: =C24 -> 2975139.4
A25: 5 | B25: RED SANITARIA | C25: 4031210.6 | D25: =C25/$C$32 -> 0.10204023
A26: 5.1 | B26: Suministro e instalación de SALIDA SANITARIA DE 4". Incluye accesorios, tubería 4.0m y todo lo necesario para su buen funcionamiento. | C26: 1068046.9 | D26: =C26/$C$32 -> 0.027034993 | E26: =C26 -> 1068046.9
A27: 5.2 | B27: Construcción de CAJA DE INSPECCIÓN Y/O EMPALME DE 40*40*40 CMS concreto de 17.5Mpa, medidas internas (L=40cm). Incluye suministro e instalación de los materiales, tapa y herraje y todos los elementos necesarios para su correcta construcción y funcionamiento. Según normas técnicas de EEPP de Medellín. La excavación, llenos, entresuelo y acero de refuerzo se pagarán en su ítem respectivo. | C27: 389408.17 | D27: =C27/$C$32 -> 0.0098569148 | E27: =C27 -> 389408.17
A28: 5.3 | B28: Suministro e instalación de TUBERÍA SANITARIA DE 4" para drenaje enterrada y/o empotrada. Incluye accesorios, excavación, lleno y todo lo necesario para su buen funcionamiento. | C28: 2573755.6 | D28: =C28/$C$32 -> 0.065148325 | E28: =C28 -> 2573755.6
A29: 6 | B29: RED SANITARIA
A30: 6.1 | B30: Suministro e instalación de pintura epoxica para pisos | C30: 2632776 | D30: =C30/$C$32 -> 0.066642282 | E30: 2632776 | G30: =C30 -> 2632776
A32: TOTAL OBRA COSTO DIRECTO. | C32: =C25+C22+C18+C13+C10+G30 -> 39506090 | D32: SEMANAL | E32: =SUM(E9:E28) -> 11850650 | F32: =SUM(F9:F28) -> 13678019 | G32: =SUM(G9:G28) -> 11344646
E33: =E32/$C$32 -> 0.29997019 | F33: =F32/$C$32 -> 0.34622557 | G33: =G32/$C$32 -> 0.28716195
D34: ACUMULADO | E34: =E32 -> 11850650 | F34: =E34+F32 -> 25528668 | G34: =G32+F34 -> 36873314
E35: =E33 -> 0.29997019 | F35: =E35+F33 -> 0.64619576 | G35: =F35+G33+6.66% -> 0.99995772

Sheet AU
A1: DEPARTAMENTO DE ANTIOQUIA
A2: MUNICIPIO DE CAUCASIA
A3: SECRETARIA DE PLANEACION Y OBRAS PUBLICAS
A4: DISCRIMINACION DEL A.I.U OFICIAL
A6: OBJETO:
A7: =PRESUPUESTO!A8 -> AMPLIACION DE ALBERGUE TRANSITORIO DE FAUNA DOMESTICA EN EL MUNICIPIO DE CAUCASIA DEPARTAMENTO DE ANTIOQUIA.
A8: A.U.
G10: VALOR COSTO DIRECTO : | J10: =+PRESUPUESTO!F32 -> 39506091
B11: DESCRIPCION | D11: No | E11: TIEMPO | F11: SALARIO | G11: P.S. | H11: TOTAL | I11: TOTAL | J11: %
E12: (Meses) | H12: SALARIO
A13: 1 | B13: GASTOS GENERALES DE LA FIRMA | I13: =SUM(I14:I14) -> 0 | J13: =I13/J10 -> 0
B14: Informes, papelería, fotografías | H14: 0 | I14: =J10*H14 -> 0
A15: 2 | B15: PERSONAL DE DIRECCION Y ADMINISTRACION | I15: =SUM(H16:H17) -> 4846480 | J15: =+I15/J10 -> 0.12267678
B16: Ingeniero Residente o Arquitecto | D16: 1 | E16: 0.504 | F16: 4350000 | G16: ='SALARIOS Y PRESTACIONES '!H55 -> 1.45 | H16: =F16*G16*E16*D16 -> 3178980
B17: =+'SALARIOS Y PRESTACIONES '!J38 -> AUXILIAR SISO | D17: 1 | E17: 0.5 | F17: 2300000 | G17: =+'SALARIOS Y PRESTACIONES '!J55 -> 1.45 | H17: =F17*G17*E17*D17 -> 1667500
A18: 3 | B18: TRANSPORTE, PLAN DE MANEJO AMBIENTAL, PLAN DE TRAFICO Y CERTIFICACIÓN ETIAP | I18: =SUM(I19:I21) -> 0 | J18: =I18/J10 -> 0
B19: OBRAS DE COMPENSACIÓN AMBIENTAL Y/O COMPLEMENTARIAS (PAGA) | H19: 0 | I19: =+J10*H19 -> 0
B20: CERTIFICACIÓN ETIAP | H20: 0 | I20: =J10*H20 -> 0
B21: PLAN DE MANEJO DE TRAFICO (PMT) | H21: 0 | I21: =J10*H21 -> 0
A22: 4 | B22: SERVICIOS GENERALES, VIGILANCIA, CONSERVACION Y MANTENIMIENTO | I22: =SUM(H23:H24) -> 0 | J22: =I22/J10 -> 0
B23: Celador | D23: 0 | E23: 0 | F23: 0 | G23: 0 | H23: 0
A25: 5 | B25: DOTACIONES DE OBRA Y ADMINISTRATIVAS | I25: =SUM(H26:H29) -> 178500 | J25: =I25/J10 -> 0.0045182906
B26: Elementos de comunicación | D26: 0 | E26: 0 | F26: 0 | G26: 1 | H26: =F26*G26*E26*D26 -> 0
B27: Elementos de computo | D27: 1 | E27: 0.5 | F27: 357000 | G27: 1 | H27: =F27*G27*E27*D27 -> 178500
B28: Papeleria de obra y oficina | D28: 0 | E28: 0 | F28: 0 | G28: 1 | H28: =F28*G28*E28*D28 -> 0
A30: 6 | B30: MOVILIZACION, INSTALACIONES PROVISIONALES Y SERVICIOS | I30: =SUM(H31:H38) -> 0 | J30: =I30/J10 -> 0
B31: Arrendamiento vivienda | D31: 0 | E31: 0 | F31: 0 | H31: =F31*E31*D31 -> 0
B32: Vehiculo | D32: 0 | E32: 0 | F32: 0 | H32: =F32*E32*D32 -> 0
B33: Servicios de luz | D33: 0 | E33: 0 | F33: 0 | H33: =F33*E33*D33 -> 0
B34: Servicios de Acueducto | D34: 0 | E34: 0 | F34: 0 | H34: =F34*E34*D34 -> 0
B35: Servicios de tecnologia | D35: 0 | E35: 0 | F35: 0 | H35: =F35*E35*D35 -> 0
B36: Servicios adicionales (Comidas) | D36: 0 | E36: 0 | F36: 0 | H36: =F36*E36*D36 -> 0 | L36: =12000*3*3*30 -> 3240000
B37: Servicios de internet | D37: 0 | E37: 0 | F37: 0 | H37: =F37*E37*D37 -> 0 | L37: =12000*3*2*30 -> 2160000
A39: 7 | B39: SEGURIDAD INDUSTRIAL Y TIEMPO DE INACTIVIDAD | I39: =SUM(I40:I41) -> 0 | J39: =I39/J10 -> 0
B40: Seguridad industrial | H40: 0 | I40: =J10*H40 -> 0
B41: Medidas Covid | H41: 0 | I41: =J10*H41 -> 0
A42: 8 | B42: GARANTIAS Y SEGUROS | I42: =SUM(I43:I43) -> 426665.78 | J42: =I42/J10 -> 0.0108
B43: Poliza Unica de cumplimiento | I43: =PRESUPUESTO!F36*0.008 -> 426665.78
A45: 9 | B45: IMPUESTOS, CONTRIBUCIONES Y TRANSFERENCIAS | I45: =SUM(I46:I51) -> 6399986.7 | J45: =I45/J10 -> 0.162 | K45: =+J45+J42+J39+J15 -> 0.29547678
B46: Estampilla U. de A. | H46: 0.012 | I46: =PRESUPUESTO!F32*AU!H46 -> 474073.09
B47: Estampilla pro cultura | H47: 0.015 | I47: =H47*PRESUPUESTO!F32 -> 592591.36
B48: Estampilla adulto mayor | H48: 0.04 | I48: =H48*PRESUPUESTO!F32 -> 1580243.6
B49: Tasa pro deporte | H49: 0.025 | I49: =H49*PRESUPUESTO!F32 -> 987652.27
B50: Estampilla pro justicia familiar | H50: 0.02 | I50: =H50*PRESUPUESTO!F32 -> 790121.81
B51: Fondo local de seguridad | H51: 0.05 | I51: =H51*PRESUPUESTO!F32 -> 1975304.5
B52: SUBTOTAL ADMINISTRACION | J52: =SUM(J13:J51) -> 0.29999507 | K52: 0.25
B53: IMPREVISTOS | J53: 0
B54: UTILIDAD DEL CONTRATISTA | J54: 0.05
B55: TOTAL ADMINISTRACION, IMPREVISTOS Y UTILIDAD : | J55: =SUM(J52:J54) -> 0.34999507
B57: ADMINISTRACION | D57: =+J52 -> 0.29999507
B58: IMPREVISTOS | D58: =J53 -> 0
B59: UTILIDAD | D59: =J54 -> 0.05
B64: =+[13]PRESUPUESTO!B24 -> FERNEY ALONSO HOYOS OQUENDO
B65: =+[13]PRESUPUESTO!B25 -> Secretario de Planeacion
C66: =+[14]PRESUPUESTO!F57 -> 44734 | D66: NOMBRE | F66: CARGO | H66: FIRMA
C67: PROYECTO: | D67: FABIO LÉON VÁSQUEZ PALACIO | F67: Contratista Cordinación Obras Públicas
C68: REVISO: | D68: JOSE AGUSTIN HERRERA SARA | F68: Secretario de planeación
C69: APROBO: | D69: FERNEY HOYOS OQUENDO | F69: Secretario de planeación
C70: Los de arriba firmante hemos declarado que revisamos el documento y lo encontramos ajustado a las normas y disposiciones legales vigentes y por lo tanto, bajo nuestra responsabilidad lo presentamos para la firma.

Sheet MATERIALES
G1: =+A1 -> 0
A2: =PRESUPUESTO!A8 -> AMPLIACION DE ALBERGUE TRANSITORIO DE FAUNA DOMESTICA EN EL MUNICIPIO DE CAUCASIA DEPARTAMENTO DE ANTIOQUIA. | G2: =+A2 -> AMPLIACION DE ALBERGUE TRANSITORIO DE FAUNA DOMESTICA EN EL MUNICIPIO DE CAUCASIA DEPARTAMENTO DE ANTIOQUIA.
A3: CUADRO DE MATERIALES | G3: CUADRO DE VARILLA
A5: MATERIALES | D5: UND | E5: PRECIO UNITARIO | G5: No | H5: VARILLA | M5: 1,0 METRO | Q5: 6 METROS
A6: CEMENTO GRIS | D6: BUL | E6: 30000 | M6: PESO | O6: VALOR | Q6: PESO | S6: VALOR
A7: MAT. PLAYA MIXTO DE LA ZONA (BALASTRO) | D7: M3 | E7: 45000 | G7: 2 | H7: = | I7: 0.25 | J7: = | K7: 0.25 | M7: =+G7*G7/16 -> 0.25 | N7: KG/M | O7: =+M7*S7/Q7 -> 496.66667 | Q7: =+M7*6 -> 1.5 | R7: KG/M | S7: 2980
A8: AGUA | D8: LTRS | E8: 60 | G8: 3 | H8: = | I8: 0.375 | J8: = | K8: 0.375 | M8: =+G8*G8/16 -> 0.5625 | N8: KG/M | O8: =+M8*S8/Q8 -> 1750 | Q8: =+M8*6 -> 3.375 | R8: KG/M | S8: 10500
A9: BARRAS ACERO CORRUGADO 60000 PSI | D9: KG | E9: 6500 | G9: 6 | H9: = | I9: 0.75 | J9: = | K9: 0.75 | M9: =+G9*G9/16 -> 2.25 | N9: KG/M | O9: =+M9*S9/Q9 -> 7168 | Q9: =+M9*6 -> 13.5 | R9: KG/M | S9: 43008
A10: ACERO PERFIL LAMINADO DE 160X60MM EN ACERO GALVANIZADO ESPESOR 2MM | D10: M | E10: 45000 | U10: 40000
A11: ARENA PARA REVOQUE | D11: M3 | E11: 40000 | U11: =+U10/25 -> 1600
A12: PIEDRA DE RIO O TRITURADO DE 1/2" | D12: M3 | E12: 65400
A13: ARENA PARA CONCRETO | D13: M3 | E13: 40000
A14: LIJA DE AGUA # 200 | D14: UN | E14: 1000
A15: BLOQUE DE CONCRETO 0.15 | D15: UN | E15: 3600 | U15: 150000
A16: PINTURA TRAFICO | D16: GL | E16: 130000 | U16: =+U15/6 -> 25000
A17: BALDOSA PARA TRAFICO PESADO | D17: M2 | E17: 65000
A18: BALDOSA PARA PARED. | D18: M2 | E18: 30000
A19: PEGA PARA BALDOSA | D19: KG | E19: 1700
A20: PUERTA ALUMNIO DE 80X200 crudo | D20: UN | E20: 1200000
A21: PUERTA ALUMNIO DE 90X200 crudo | D21: un | E21: 1300000
A22: TORNILLOS ENSAMBLE DE 1 1/2" | D22: UN | E22: 200
A23: Ducha Antivandálica con Regadera de Empotrar | D23: un | E23: 480000
A24: INDORO TIPO INSTITUCIONAL. | D24: UN | E24: 800000
A25: FLUXOMETRO INSTITUCIONAL DE PALANCA | D25: UN | E25: 870000
A26: INDORO TIPO INSTITUCIONAL. PARA DISCAPACITADOS | D26: UN | E26: 800000
A27: ORINAL DE ENTRADA SUPERIOR LINEA INSTITUCIONAL | D27: UN | E27: 1500000
A28: Material de Sub Base CBR=40% | D28: M3 | E28: 65000 | U28: =+U16/4.77 -> 5241.0901
A29: VENTILADOR DE TECHO | D29: UN | E29: 400000
A30: BORDILLO PREFABRICADO | D30: UND | E30: 25000
A31: ARENA DE PEGA | D31: M3 | E31: 48000
A32: TEJA TERMOACUSTICA PVC | D32: m2 | E32: 70000
A33: CABALLETE TEJA TERMO ACUSTICA PVC | D33: UN | E33: 70000
A34: TORNILLO AUTOPERFORANTE DE 2" PARA FIJAR TEJAS | D34: UN | E34: 700
A35: HERRAJE DE MAN HALL | D35: UND | E35: 250000
A36: ESTACAS, PINTURA, TACHUELAS, HILO | D36: GL | E36: 1000
A37: TRITURADO | D37: M3 | E37: 65000 | G37: 2 | H37: = | I37: 0.25 | J37: = | K37: 0.25 | M37: =+G37*G37/16 -> 0.25 | N37: KG/M | O37: =+M37*S37/Q37 -> 496.66667 | Q37: =+M37*6 -> 1.5 | R37: KG/M | S37: 2980
A38: ARENA PARA CONCRETO | D38: M3 | E38: 65000 | G38: 2 | H38: = | I38: 0.25 | J38: = | K38: 0.25 | M38: =+G38*G38/16 -> 0.25 | N38: KG/M | O38: =+M38*S38/Q38 -> 496.66667 | Q38: =+M38*6 -> 1.5 | R38: KG/M | S38: 2980
A39: PIEDRA | D39: M3 | E39: 200000
A40: TUBO DE CONCRETO 900 MM | D40: UN | E40: 350000
A41: ESTUCO | D41: KG | E41: 3450
A42: ANTISOL BLANCO | D42: KG | E42: 6500
A43: PINTURA ACRILICA PURA PARA TRAFICO | D43: GAL | E43: 130000
A44: DISOLVENTE PARA PINTURA TRAFICO | D44: GAL | E44: 80000
A45: Poste en angulo de 2*2*1/4 de 3,5m para señal | D45: UN | E45: 80300
A46: Pintura vinilica tipo 1 de koraza o similar | D46: GAL | E46: 107200
A47: Piso antideslizante en pvc, 8mm para canchas de tenis de mesa profesional. | D47: m2 | E47: =232850 -> 232850 | G47: Concreto Resistencia 14 (Mpa)
A48: Tubo de pvc 1/2" rde 21 | D48: m | E48: 2500
A49: Tuberia rde 21 en pvc diametro 1 1/4" | D49: m | E49: 10000
A50: Tuberia rde 21 en pvc diametro 3/4" | D50: m | E50: 5000
A51: T en pvc de 3/4" | D51: un | E51: 2000
A52: codo de 3/4 pvc rde 21 | D52: un | E52: 2000
A53: Codo de 1/2" en pvc | D53: un | E53: 600
A54: Codo de 90 en pvc de 1 1/4" | D54: un | E54: 4500
A55: Teede en pvc de 1 1/4" | D55: un | E55: 4500
A56: Cinta Teflon | D56: un | E56: 1200
A57: Adaptador macho 1/2" | D57: un | E57: 600
A58: Soldadura líquida PVC 1/32 de gal | D58: un | E58: 3200
A59: union de 1/2" pvc | D59: un | E59: 600
... A67: Alambre quemado. | D67: kg | E67: 8000
A68: ALAMBRE DE COBRE THHN N°12 | D68: M | E68: 2800 | K68: 1039000
A69: Tubo Galvanizado EMT 3/4" | D69: un | E69: =28000*1.2 -> 33600
A70: Curva emt 3/4" | D70: un | E70: =9000*1.25 -> 11250
A71: union emt de 3/4" | D71: un | E71: 3000
A72: caja metalica 20x20 | D72: un | E72: =4400*1.25 -> 5500 | K72: Luminaria tipo Led 18 W
A73: CAJA METALICA 12X12X5 | D73: UN | E73: 18000 | K73: Prensa estopa
A74: =+#REF! -> #REF! | D74: un | E74: 15000
A75: =+#REF! -> #REF! | D75: un | E75: 105000
A76: Luminaria tipo Led 18 W | D76: UN | E76: 34000
A77: PRENSA ESTOPA | D77: UN | E77: 2500
A78: Lamina para cielo raso en pvc | D78: m2 | E78: =89700*1.25/3 -> 37375 | K78: =+K68/50 -> 20780
A79: vigueta en lamina | D79: un | E79: 7000 | K79: =+K78/6 -> 3463.3333
A80: Omega en lamina | D80: un | E80: 6000
A81: perfil perimetral | D81: un | E81: 30000
A82: tornillos driwal | D82: un | E82: 150
A83: Canaletapvc para aguas lluvias incluye asesorios | D83: m | E83: =94000*1.2/3+20000 -> 57600
A84: PTAR 2400L | E84: 8000000
A85: Adhesivo para pisos vinílicos | D85: gr | E85: 64
E88: Codo 90 x 1.1/4 Presión
G93: Adhesivo para pisos vinílicos
E96: 32

Sheet SALARIOS Y PRESTACIONES 
I1: OFIC | J1: AYUD
B2: CUADRO DE SALARIOS Y PRESTACIONES
B4: =PRESUPUESTO!A8 -> AMPLIACION DE ALBERGUE TRANSITORIO DE FAUNA DOMESTICA EN EL MUNICIPIO DE CAUCASIA DEPARTAMENTO DE ANTIOQUIA. | J4: MUNICIPIO | K4: CAUCASIA
J5: DEPARTAMENTO | K5: ANTIOQUIA
J6: FECHA | K6: NOVIEMBRE DEL 2025
J7: PAVIMENTO
B9: NOVIEMBRE 06 DE 2025 | C9: SALARIO MINIMO | D9: 1423500
C10: AUX. TRANSPORTE | D10: 200000
B12: DESCRIPCION | C12: DIRECTORES | D12: RESIDENTES | E12: TOPOGRAFO | F12: CADENERO | G12: ALMACENISTA | H12: SECRETARIA | I12: OFICIALES | J12: AYUDANTES | K12: MENSAJERO
B13: SALARIO ANUAL SMMLV | C13: 6 | D13: 4 | E13: 3 | F13: 1.5 | G13: 1 | H13: 1.5 | I13: 2 | J13: 1 | K13: 1
B14: (D) AUX. TRANS ANUAL SIN DESC (B*12) | C14: =+C15*12 -> 0 | D14: =+D15*12 -> 0 | E14: =+E15*12 -> 0 | F14: =+F15*12 -> 2400000 | G14: =+G15*12 -> 2400000 | H14: =+H15*12 -> 2400000 | I14: =+I15*12 -> 2400000 | J14: =+J15*12 -> 2400000 | K14: =+K15*12 -> 2400000
B15: (B) AUX. TRANS MES | C15: =+IF(C13<=2,$D$10,0) -> 0 | D15: =+IF(D13<=2,$D$10,0) -> 0 | E15: =+IF(E13<=2,$D$10,0) -> 0 | F15: =+IF(F13<=2,$D$10,0) -> 200000 | G15: =+IF(G13<=2,$D$10,0) -> 200000 | H15: =+IF(H13<=2,$D$10,0) -> 200000 | I15: =+IF(I13<=2,$D$10,0) -> 200000 | J15: =+IF(J13<=2,$D$10,0) -> 200000 | K15: =+IF(K13<=2,$D$10,0) -> 200000
B16: (A) SALARIO MES | C16: =ROUND($D$9*C13,0) -> 8541000 | D16: =ROUND($D$9*D13,0) -> 5694000 | E16: =ROUND($D$9*E13,0) -> 4270500 | F16: =ROUND($D$9*F13,0) -> 2135250 | G16: =ROUND($D$9*G13,0) -> 1423500 | H16: =ROUND($D$9*H13,0) -> 2135250 | I16: =ROUND($D$9*I13,0) -> 2847000 | J16: =ROUND($D$9*J13,0) -> 1423500 | K16: =ROUND($D$9*K13,0) -> 1423500
B17: (C) SUELDO ANUAL (Ax 12) | C17: =+ROUND(C16*12,0) -> 102492000 | D17: =+ROUND(D16*12,0) -> 68328000 | E17: =+ROUND(E16*12,0) -> 51246000 | F17: =+ROUND(F16*12,0) -> 25623000 | G17: =+ROUND(G16*12,0) -> 17082000 | H17: =+ROUND(H16*12,0) -> 25623000 | I17: =+ROUND(I16*12,0) -> 34164000 | J17: =+ROUND(J16*12,0) -> 17082000 | K17: =+ROUND(K16*12,0) -> 17082000
B18: (E) CESANTÍAS © | C18: =+ROUND((C16+C15)*360/360,0) -> 8541000 | D18: =+ROUND((+D16+D15)*360/360,0) -> 5694000 | E18: =+ROUND((+E16+E15)*360/360,0) -> 4270500 | F18: =+ROUND((+F16+F15)*360/360,0) -> 2335250 | G18: =+ROUND((+G16+G15)*360/360,0) -> 1623500 | H18: =+ROUND((+H16+H15)*360/360,0) -> 2335250 | I18: =+ROUND((+I16+I15)*360/360,0) -> 3047000 | J18: =+ROUND((+J16+J15)*360/360,0) -> 1623500 | K18: =+ROUND((+K16+K15)*360/360,0) -> 1623500
B19: VACACIONES © | C19: =+ROUND((C16)*360/720,0) -> 4270500 | D19: =+ROUND((D16)*360/720,0) -> 2847000 | E19: =+ROUND((E16)*360/720,0) -> 2135250 | F19: =+ROUND((F16)*360/720,0) -> 1067625 | G19: =+ROUND((G16)*360/720,0) -> 711750 | H19: =+ROUND((H16)*360/720,0) -> 1067625 | I19: =+ROUND((I16)*360/720,0) -> 1423500 | J19: =+ROUND((J16)*360/720,0) -> 711750 | K19: =+ROUND((K16)*360/720,0) -> 711750
B20: PRIMA © | C20: =+ROUND((C16+C15)*360/360,0) -> 8541000 | D20: =+ROUND((D16+D15)*360/360,0) -> 5694000 | E20: =+ROUND((E16+E15)*360/360,0) -> 4270500 | F20: =+ROUND((F16+F15)*360/360,0) -> 2335250 | G20: =+ROUND((G16+G15)*360/360,0) -> 1623500 | H20: =+ROUND((H16+H15)*360/360,0) -> 2335250 | I20: =+ROUND((I16+I15)*360/360,0) -> 3047000 | J20: =+ROUND((J16+J15)*360/360,0) -> 1623500 | K20: =+ROUND((K16+K15)*360/360,0) -> 1623500
B21: INTERES DE CESANTIA (E)*12% | C21: =+ROUND(C18*(1%*12),0) -> 1024920 | D21: =+ROUND(D18*(1%*12),0) -> 683280 | E21: =+ROUND(E18*(1%*12),0) -> 512460 | F21: =+ROUND(F18*(1%*12),0) -> 280230 | G21: =+ROUND(G18*(1%*12),0) -> 194820 | H21: =+ROUND(H18*(1%*12),0) -> 280230 | I21: =+ROUND(I18*(1%*12),0) -> 365640 | J21: =+ROUND(J18*(1%*12),0) -> 194820 | K21: =+ROUND(K18*(1%*12),0) -> 194820
B22: AUX. TRANSP CON DESC (B/30)-(360-18) | C22: =(C15/30)*(360-18) -> 0 | D22: =(D15/30)*(360-18) -> 0 | E22: =(E15/30)*(360-18) -> 0 | F22: =(F15/30)*(360-18) -> 2280000 | G22: =(G15/30)*(360-18) -> 2280000 | H22: =(H15/30)*(360-18) -> 2280000 | I22: =(I15/30)*(360-18) -> 2280000 | J22: =(J15/30)*(360-18) -> 2280000 | K22: =(K15/30)*(360-18) -> 2280000
B23: PENSIÓN ((A*12)*12%) | C23: =+ROUND(C17*12%,0) -> 12299040 | D23: =+ROUND(D17*12%,0) -> 8199360 | E23: =+ROUND(E17*12%,0) -> 6149520 | F23: =+ROUND(F17*12%,0) -> 3074760 | G23: =+ROUND(G17*12%,0) -> 2049840 | H23: =+ROUND(H17*12%,0) -> 3074760 | I23: =+ROUND(I17*12%,0) -> 4099680 | J23: =+ROUND(J17*12%,0) -> 2049840 | K23: =+ROUND(K17*12%,0) -> 2049840
B24: RIESGOS PROFESIONALES ((A*12)*6,96) | C24: =+ROUND((C16*12)*6.96%,0) -> 7133443 | D24: =+ROUND((D16*12)*6.96%,0) -> 4755629 | E24: =+ROUND((E16*12)*6.96%,0) -> 3566722 | F24: =+ROUND((F16*12)*6.96%,0) -> 1783361 | G24: =+ROUND((G16*12)*6.96%,0) -> 1188907 | H24: =+ROUND((H16*12)*6.96%,0) -> 1783361 | I24: =+ROUND((I16*12)*6.96%,0) -> 2377814 | J24: =+ROUND((J16*12)*6.96%,0) -> 1188907 | K24: =+ROUND((K16*12)*6.96%,0) -> 1188907
B25: CAJA DE COMPENSACIÓN (A*12)*4%) | C25: =+ROUND(($C$16*12)*4%,0) -> 4099680 | D25: =+ROUND((D16*12)*4%,0) -> 2733120 | E25: =+ROUND((E16*12)*4%,0) -> 2049840 | F25: =+ROUND((F16*12)*4%,0) -> 1024920 | G25: =+ROUND((G16*12)*4%,0) -> 683280 | H25: =+ROUND((H16*12)*4%,0) -> 1024920 | I25: =+ROUND((I16*12)*4%,0) -> 1366560 | J25: =+ROUND((J16*12)*4%,0) -> 683280 | K25: =+ROUND((K16*12)*4%,0) -> 683280
B26: DOTACIÓN | C26: =+IF(C13<=2,ROUND((0.04)*C17,0),0) -> 0 | D26: =+IF(D13<=2,ROUND((0.04)*D17,0),0) -> 0 | E26: =+IF(E13<=2,ROUND((0.04)*E17,0),0) -> 0 | F26: =+IF(F13<=2,ROUND((0.04)*F17,0),0) -> 1024920 | G26: =+IF(G13<=2,ROUND((0.04)*G17,0),0) -> 683280 | H26: =+IF(H13<=2,ROUND((0.04)*H17,0),0) -> 1024920 | I26: =+IF(I13<=2,ROUND((0.04)*I17,0),0) -> 1366560 | J26: =+IF(J13<=2,ROUND((0.04)*J17,0),0) -> 683280 | K26: =+IF(K13<=2,ROUND((0.04)*K17,0),0) -> 683280
B27: SUB TOTAL (ANUAL) | C27: =SUM(C18:C26) -> 45909583 | D27: =SUM(D18:D26) -> 30606389 | E27: =SUM(E18:E26) -> 22954792 | F27: =SUM(F18:F26) -> 15206316 | G27: =SUM(G18:G26) -> 11038877 | H27: =SUM(H18:H26) -> 15206316 | I27: =SUM(I18:I26) -> 19373754 | J27: =SUM(J18:J26) -> 11038877 | K27: =SUM(K18:K26) -> 11038877
B28: TOTAL (ANUAL) | C28: =+C27+C17 -> 148401583 | D28: =+D27+D17 -> 98934389 | E28: =SUM(E17:E26) -> 74200792 | F28: =SUM(F17:F26) -> 40829316 | G28: =SUM(G17:G26) -> 28120877 | H28: =SUM(H17:H26) -> 40829316 | I28: =SUM(I17:I26) -> 53537754 | J28: =SUM(J17:J26) -> 28120877 | K28: =SUM(K17:K26) -> 28120877
B29: FACTOR PRESTACIONAL | C29: =1+C27/C17 -> 1.4479333 | D29: =1+D27/D17 -> 1.4479333 | E29: =1+E27/E17 -> 1.4479333 | F29: =1+F27/F17 -> 1.5934635 | G29: =1+G27/G17 -> 1.6462286 | H29: =1+H27/H17 -> 1.5934635 | I29: =1+I27/I17 -> 1.567081 | J29: =1+J27/J17 -> 1.6462286 | K29: =1+K27/K17 -> 1.6462286
B31: SALARIO ANUAL SMMLV | C31: =+C13 -> 6 | D31: =+D13 -> 4 | E31: =+E13 -> 3 | F31: =+F13 -> 1.5 | G31: =+G13 -> 1 | H31: =+H13 -> 1.5 | I31: =+I13 -> 2 | J31: =+J13 -> 1 | K31: =+K13 -> 1
B32: ANUAL | C32: =+C14+C17 -> 102492000 | D32: =+D14+D17 -> 68328000 | E32: =+E14+E17 -> 51246000 | F32: =+F14+F17 -> 28023000 | G32: =+G14+G17 -> 19482000 | H32: =+H14+H17 -> 28023000 | I32: =+I14+I17 -> 36564000 | J32: =+J14+J17 -> 19482000 | K32: =+K14+K17 -> 19482000
B33: MENSUAL | C33: =+C15+C16 -> 8541000 | D33: =+D15+D16 -> 5694000 | E33: =+E15+E16 -> 4270500 | F33: =+F15+F16 -> 2335250 | G33: =+G15+G16 -> 1623500 | H33: =+H15+H16 -> 2335250 | I33: =+I15+I16 -> 3047000 | J33: =+J15+J16 -> 1623500 | K33: =+K15+K16 -> 1623500
A34: LYR | B34: DÍA | C34: =+C33/30 -> 284700 | D34: =+D33/30 -> 189800 | E34: =+E33/30 -> 142350 | F34: =+F33/30 -> 77841.667 | G34: =+G33/30 -> 54116.667 | H34: =+H33/30 -> 77841.667 | I34: =+I33/30 -> 101566.67 | J34: =+J33/30 -> 54116.667 | K34: =+K33/30 -> 54116.667
B35: HORA | C35: =+ROUND(C34/8,0) -> 35588 | D35: =+ROUND(D34/8,0) -> 23725 | E35: =+ROUND(E34/8,0) -> 17794 | F35: =+ROUND(F34/8,0) -> 9730 | G35: =+ROUND(G34/8,0) -> 6765 | H35: =+ROUND(H34/8,0) -> 9730 | I35: =+ROUND(I34/8,0) -> 12696 | J35: =+ROUND(J34/8,0) -> 6765 | K35: =+ROUND(K34/8,0) -> 6765
B38: DESCRIPCION | C38: AMBIENTAL | D38: PROFESIONAL SISO | E38: VIGILANTE | F38: AYUDANTE | G38: OFICIAL | H38: MAESTRO - TECNOLOGO | I38: OPERADOR MOTOR | J38: AUXILIAR SISO
B39: SALARIO ANUAL SMMLV | C39: 4 | D39: 4 | E39: 1 | F39: 1 | G39: 2 | H39: 2.5 | I39: 1.5 | J39: 2.1171719 | K39: 4
B40: (D) AUX. TRANS ANUAL SIN DESC (B*12) | C40: =+C41*12 -> 0 | D40: =+D41*12 -> 0 | E40: =+E41*12 -> 2400000 | F40: =+F41*12 -> 2400000 | G40: =+G41*12 -> 2400000 | H40: =+H41*12 -> 0 | I40: =+I41*12 -> 2400000 | J40: =+J41*12 -> 0 | K40: =+K41*12 -> 0
B41: (B) AUX. TRANS MES | C41: =+IF(C39<=2,$D$10,0) -> 0 | D41: =+IF(D39<=2,$D$10,0) -> 0 | E41: =+IF(E39<=2,$D$10,0) -> 200000 | F41: =+IF(F39<=2,$D$10,0) -> 200000 | G41: =+IF(G39<=2,$D$10,0) -> 200000 | H41: =+IF(H39<=2,$D$10,0) -> 0 | I41: =+IF(I39<=2,$D$10,0) -> 200000 | J41: =+IF(J39<=2,$D$10,0) -> 0 | K41: =+IF(K39<=2,$D$10,0) -> 0
B42: (A) SALARIO MES | C42: =ROUND($D$9*C39,0) -> 5694000 | D42: =ROUND($D$9*D39,0) -> 5694000 | E42: =ROUND($D$9*E39,0) -> 1423500 | F42: =ROUND($D$9*F39,0) -> 1423500 | G42: =ROUND($D$9*G39,0) -> 2847000 | H42: =ROUND($D$9*H39,0) -> 3558750 | I42: =ROUND($D$9*I39,0) -> 2135250 | J42: =ROUND($D$9*J39,0) -> 3013794 | K42: =ROUND($D$9*K39,0) -> 5694000
B43: (C) SUELDO ANUAL (Ax 12) | C43: =+ROUND(C42*12,0) -> 68328000 | D43: =+ROUND(D42*12,0) -> 68328000 | E43: =+ROUND(E42*12,0) -> 17082000 | F43: =+ROUND(F42*12,0) -> 17082000 | G43: =+ROUND(G42*12,0) -> 34164000 | H43: =+ROUND(H42*12,0) -> 42705000 | I43: =+ROUND(I42*12,0) -> 25623000 | J43: =+ROUND(J42*12,0) -> 36165528 | K43: =+ROUND(K42*12,0) -> 68328000
B44: (E) CESANTÍAS (C)*11.17% | C44: =+ROUND((C42+C41)*360/360,0) -> 5694000 | D44: =+ROUND((D42+D41)*360/360,0) -> 5694000 | E44: =+ROUND((E42+E41)*360/360,0) -> 1623500 | F44: =+ROUND((F42+F41)*360/360,0) -> 1623500 | G44: =+ROUND((G42+G41)*360/360,0) -> 3047000 | H44: =+ROUND((H42+H41)*360/360,0) -> 3558750 | I44: =+ROUND((I42+I41)*360/360,0) -> 2335250 | J44: =+ROUND((J42+J41)*360/360,0) -> 3013794 | K44: =+ROUND((K42+K41)*360/360,0) -> 5694000
B45: VACACIONES (C)*4.17% | C45: =+ROUND(C42*360/720,0) -> 2847000 | D45: =+ROUND(D42*360/720,0) -> 2847000 | E45: =+ROUND(E42*360/720,0) -> 711750 | F45: =+ROUND(F42*360/720,0) -> 711750 | G45: =+ROUND(G42*360/720,0) -> 1423500 | H45: =+ROUND(H42*360/720,0) -> 1779375 | I45: =+ROUND(I42*360/720,0) -> 1067625 | J45: =+ROUND(J42*360/720,0) -> 1506897 | K45: =+ROUND(K42*360/720,0) -> 2847000
B46: PRIMA (C)*8.33 | C46: =+ROUND((C41+C42)*360/360,0) -> 5694000 | D46: =+ROUND((D41+D42)*360/360,0) -> 5694000 | E46: =+ROUND((E41+E42)*360/360,0) -> 1623500 | F46: =+ROUND((F41+F42)*360/360,0) -> 1623500 | G46: =+ROUND((G41+G42)*360/360,0) -> 3047000 | H46: =+ROUND((H41+H42)*360/360,0) -> 3558750 | I46: =+ROUND((I41+I42)*360/360,0) -> 2335250 | J46: =+ROUND((J41+J42)*360/360,0) -> 3013794 | K46: =+ROUND((K41+K42)*360/360,0) -> 5694000
B47: INTERES DE CESANTIA (E*1%)*12 | C47: =+ROUND(C44*(1%*12),0) -> 683280 | D47: =+ROUND(D44*(1%*12),0) -> 683280 | E47: =+ROUND(E44*(1%*12),0) -> 194820 | F47: =+ROUND(F44*(1%*12),0) -> 194820 | G47: =+ROUND(G44*(1%*12),0) -> 365640 | H47: =+ROUND(H44*(1%*12),0) -> 427050 | I47: =+ROUND(I44*(1%*12),0) -> 280230 | J47: =+ROUND(J44*(1%*12),0) -> 361655 | K47: =+ROUND(K44*(1%*12),0) -> 683280
B48: AUX. TRANSP CON DESC (B/30)-(360-18) | C48: =(C41/30)*(360-18) -> 0 | D48: =(D41/30)*(360-18) -> 0 | E48: =(E41/30)*(360-18) -> 2280000 | F48: =(F41/30)*(360-18) -> 2280000 | G48: =(G41/30)*(360-18) -> 2280000 | H48: =(H41/30)*(360-18) -> 0 | I48: =(I41/30)*(360-18) -> 2280000 | J48: =(J41/30)*(360-18) -> 0 | K48: =(K41/30)*(360-18) -> 0
B49: PENSIÓN ((A*12)*12%) | C49: =+ROUND(C43*12%,0) -> 8199360 | D49: =+ROUND(D43*12%,0) -> 8199360 | E49: =+ROUND(E43*12%,0) -> 2049840 | F49: =+ROUND(F43*12%,0) -> 2049840 | G49: =+ROUND(G43*12%,0) -> 4099680 | H49: =+ROUND(H43*12%,0) -> 5124600 | I49: =+ROUND(I43*12%,0) -> 3074760 | J49: =+ROUND(J43*12%,0) -> 4339863 | K49: =+ROUND(K43*12%,0) -> 8199360
B50: RIESGOS PROFESIONALES ((A*12)*6,96) | C50: =+ROUND((C42*12)*6.96%,0) -> 4755629 | D50: =+ROUND((D42*12)*6.96%,0) -> 4755629 | E50: =+ROUND((E42*12)*6.96%,0) -> 1188907 | F50: =+ROUND((F42*12)*6.96%,0) -> 1188907 | G50: =+ROUND((G42*12)*6.96%,0) -> 2377814 | H50: =+ROUND((H42*12)*6.96%,0) -> 2972268 | I50: =+ROUND((I42*12)*6.96%,0) -> 1783361 | J50: =+ROUND((J42*12)*6.96%,0) -> 2517121 | K50: =+ROUND((K42*12)*6.96%,0) -> 4755629
B51: CAJA DE COMPENSACIÓN (A*12)*4%) | C51: =+ROUND(($C$42*12)*4%,0) -> 2733120 | D51: =+ROUND((D42*12)*4%,0) -> 2733120 | E51: =+ROUND((E42*12)*4%,0) -> 683280 | F51: =+ROUND((F42*12)*4%,0) -> 683280 | G51: =+ROUND((G42*12)*4%,0) -> 1366560 | H51: =+ROUND((H42*12)*4%,0) -> 1708200 | I51: =+ROUND((I42*12)*4%,0) -> 1024920 | J51: =+ROUND((J42*12)*4%,0) -> 1446621 | K51: =+ROUND((K42*12)*4%,0) -> 2733120
B52: DOTACIÓN | C52: =+IF(C39<=2,ROUND((0.04)*C43,0),0) -> 0 | D52: =+IF(D39<=2,ROUND((0.04)*D43,0),0) -> 0 | E52: =+IF(E39<=2,ROUND((0.04)*E43,0),0) -> 683280 | F52: =+IF(F39<=2,ROUND((0.04)*F43,0),0) -> 683280 | G52: =+IF(G39<=2,ROUND((0.04)*G43,0),0) -> 1366560 | H52: =+IF(H39<=2,ROUND((0.04)*H43,0),0) -> 0 | I52: =+IF(I39<=2,ROUND((0.04)*I43,0),0) -> 1024920 | J52: =+IF(J39<=2,ROUND((0.04)*J43,0),0) -> 0 | K52: =+IF(K39<=2,ROUND((0.04)*K43,0),0) -> 0
B53: SUB TOTAL (ANUAL) | C53: =SUM(C44:C52) -> 30606389 | D53: =SUM(D44:D52) -> 30606389 | E53: =SUM(E44:E52) -> 11038877 | F53: =SUM(F44:F52) -> 11038877 | G53: =SUM(G44:G52) -> 19373754 | H53: =SUM(H44:H52) -> 19128993 | I53: =SUM(I44:I52) -> 15206316 | J53: =SUM(J44:J52) -> 16199745 | K53: =SUM(K44:K52) -> 30606389
B54: TOTAL (ANUAL) | C54: =+C53+C43 -> 98934389 | D54: =+D53+D43 -> 98934389 | E54: =SUM(E43:E52) -> 28120877 | F54: =SUM(F43:F52) -> 28120877 | G54: =SUM(G43:G52) -> 53537754 | H54: =SUM(H43:H52) -> 61833993 | I54: =SUM(I43:I52) -> 40829316 | J54: =SUM(J43:J52) -> 52365273 | K54: =SUM(K43:K52) -> 98934389
B55: FACTOR PRESTACIONAL | C55: =+ROUND((1+C53/C43),2) -> 1.45 | D55: =+ROUND((1+D53/D43),2) -> 1.45 | E55: =+ROUND((1+E53/E43),2) -> 1.65 | F55: =+ROUND((1+F53/F43),2) -> 1.65 | G55: =+ROUND((1+G53/G43),2) -> 1.57 | H55: =+ROUND((1+H53/H43),2) -> 1.45 | I55: =+ROUND((1+I53/I43),2) -> 1.59 | J55: =+ROUND((1+J53/J43),2) -> 1.45 | K55: =+ROUND((1+K53/K43),2) -> 1.45
B56: SALARIO NOMINAL
B57: SALARIO ANUAL SMMLV | C57: =+C39 -> 4 | D57: =+D39 -> 4 | E57: =+E39 -> 1 | F57: =+F39 -> 1 | G57: =+G39 -> 2 | H57: =+H39 -> 2.5 | I57: =+I39 -> 1.5 | J57: =+J39 -> 2.1171719 | K57: =+K39 -> 4
B58: ANUAL | C58: =+C40+C43 -> 68328000 | D58: =+D40+D43 -> 68328000 | E58: =+E40+E43 -> 19482000 | F58: =+F40+F43 -> 19482000 | G58: =+G40+G43 -> 36564000 | H58: =+H40+H43 -> 42705000 | I58: =+I40+I43 -> 28023000 | J58: =+J40+J43 -> 36165528 | K58: =+K40+K43 -> 68328000
B59: MENSUAL | C59: =+C41+C42 -> 5694000 | D59: =+D41+D42 -> 5694000 | E59: =+E41+E42 -> 1623500 | F59: =+F41+F42 -> 1623500 | G59: =+G41+G42 -> 3047000 | H59: =+H41+H42 -> 3558750 | I59: =+I41+I42 -> 2335250 | J59: =+J41+J42 -> 3013794 | K59: =+K41+K42 -> 5694000
B60: DÍA | C60: =+C59/30 -> 189800 | D60: =+D59/30 -> 189800 | E60: =+E59/30 -> 54116.667 | F60: =+F59/30 -> 54116.667 | G60: =+G59/30 -> 101566.67 | H60: =+H59/30 -> 118625 | I60: =+I59/30 -> 77841.667 | J60: =+J59/30 -> 100459.8 | K60: =+K59/30 -> 189800
B61: HORA | C61: =+ROUND(C60/8,0) -> 23725 | D61: =+ROUND(D60/8,0) -> 23725 | E61: =+ROUND(E60/8,0) -> 6765 | F61: =+ROUND(F60/8,0) -> 6765 | G61: =+ROUND(G60/8,0) -> 12696 | H61: =+ROUND(H60/8,0) -> 14828 | I61: =+ROUND(I60/8,0) -> 9730 | J61: =+ROUND(J60/8,0) -> 12557 | K61: =+ROUND(K60/8,0) -> 23725
G62: =+G60*G55 -> 159459.67
B110: CÁLCULO DEL SOBRECOSTO PARA HORAS EFECTIVAS TRABAJADAS
B111: (F) SALARIO MÍNIMO ANUAL CON PRESTACIONES | D111: =+C28 -> 148401583
B112: (G) HORAS CALENDARIO ANUALES | C112: 360x8 HORAS | D112: =360*8 -> 2880
B113: (H) HORAS LABORALESANUALES | C113: 52 SEMANAS X48 HORAS | D113: =48*52 -> 2496
B114: (I) HORAS EFECTIVAS ANUALES | C114: 2920-((52DOMINGOS+15 FESTIVOS+3PERMISOS+15DIAS VACACIONES)X8 HORAS) | D114: =+(365-53-17-3-15)*8 -> 2216
B115: (J) VALOR HORA CALENDARIO (F/G) | D115: =+D111/D112 -> 51528.327 | E115: 1
B116: (K) VALOR HORA LABORAL (F/H) | D116: =+D111/D113 -> 59455.762 | E116: =+(D116*E115)/D115 -> 1.1538462
B117: (L) VALOR HORA EFECTIVA (F/I) | D117: =+D111/D114 -> 66968.223 | E117: =+(D117*E116)/D116 -> 1.299639
B119: SALARIO ANUAL SMMLV | C119: 1 | D119: 1.2 | E119: 1.5 | F119: 1.8 | G119: 2 | H119: 2.5 | I119: 3 | J119: 3.5 | K119: 4
B120: PORCENTAJE SALARIO VS SALARIO MÁS ADICIONES ((TOTAL ANUALX100%)/(SUELDO ANUAL+AUXILIO TRANSPORTE ANUAL) | C120: =+(C28*100%)/(C14+C17) -> 1.4479333 | D120: =+(D28*100%)/(D14+D17) -> 1.4479333 | E120: =+(E28*100%)/(E14+E17) -> 1.4479333 | F120: =+(F28*100%)/(F14+F17) -> 1.456993 | G120: =+(G28*100%)/(G14+G17) -> 1.4434287 | H120: =+(H28*100%)/(H14+H17) -> 1.456993 | I120: =+(I28*100%)/(I14+I17) -> 1.4642204 | J120: =+(J28*100%)/(J14+J17) -> 1.4434287 | K120: =+(K28*100%)/(K14+K17) -> 1.4434287
B121: PORCENTAJE HORA EFECTIVA BASE HORA CALENDARIO | C121: =+C120*$E$118 -> 0 | D121: =+D120*$E$118 -> 0 | E121: =+E120*$E$118 -> 0 | F121: =+F120*$E$118 -> 0 | G121: =+G120*$E$118 -> 0 | H121: =+H120*$E$118 -> 0 | I121: =+I120*$E$118 -> 0 | J121: =+J120*$E$118 -> 0 | K121: =+K120*$E$118 -> 0
B123: SUELDOS Y PARAFISCALES PERSONAL DE OBRA POR ADMINISTRACIÓN
B125: DESCRIPCION | C125: DIRECTOR DE OBRA | D125: RESIDENTE DE OBRA | E125: ALMACENISTA | F125: VIGILANTE | G125: COMISION TOPOGRÁFICA
G126: TOPÓGRAFO | H126: EJERO O CADENERO | I126: ALQUILER EQUIPO
B127: SALARIO ANUAL SMMLV | C127: 5 | D127: 2.5 | E127: 1.5 | F127: 1.2 | G127: 3 | H127: 1.5 | I127: 250000
B128: AUX. TRANS ANUAL SIN DESC (B*12) | C128: =+C129*12 -> 0 | D128: =+D129*12 -> 0 | E128: =+E129*12 -> 0 | F128: =+F129*12 -> 0 | G128: =+G129*12 -> 0 | H128: =+H129*12 -> 0
B129: (B) AUX. TRANS MES | C129: =+IF(C127<=2,$D$11,0) -> 0 | D129: =+IF(D127<=2,$D$11,0) -> 0 | E129: =+IF(E127<=2,$D$11,0) -> 0 | F129: =+IF(F127<=2,$D$11,0) -> 0 | G129: =+IF(G127<=2,$D$11,0) -> 0 | H129: =+IF(H127<=2,$D$11,0) -> 0
B130: (A) SALARIO MES | C130: =ROUND($D$10*C127,0) -> 1000000 | D130: =ROUND($D$10*D127,0) -> 500000 | E130: =ROUND($D$10*E127,0) -> 300000 | F130: =ROUND($D$10*F127,0) -> 240000 | G130: =ROUND($D$10*G127,0) -> 600000 | H130: =ROUND($D$10*H127,0) -> 300000
B131: SUELDO ANUAL (Ax 12) | C131: =+ROUND(C130*12,0) -> 12000000 | D131: =+ROUND(D130*12,0) -> 6000000 | E131: =+ROUND(E130*12,0) -> 3600000 | F131: =+ROUND(F130*12,0) -> 2880000 | G131: =+ROUND(G130*12,0) -> 7200000 | H131: =+ROUND(H130*12,0) -> 3600000
B132: (C ) CESANTÍAS (A+B)*10% | C132: =+ROUND(($C$132)*#REF!,0) -> #REF! | D132: =+ROUND(($D$132)*#REF!,0) -> #REF! | E132: =+ROUND(($E$132)*#REF!,0) -> #REF! | F132: =+ROUND(($F$132)*#REF!,0) -> #REF! | G132: =+ROUND(($G$132)*#REF!,0) -> #REF! | H132: =+ROUND(($H$132)*#REF!,0) -> #REF!
B133: VACACIONES (A+B) | C133: =+ROUND(($C$132)*#REF!,0) -> #REF! | D133: =+ROUND(($D$132)*#REF!,0) -> #REF! | E133: =+ROUND(($E$132)*#REF!,0) -> #REF! | F133: =+ROUND(($F$132)*#REF!,0) -> #REF! | G133: =+ROUND(($G$132)*#REF!,0) -> #REF! | H133: =+ROUND(($H$132)*#REF!,0) -> #REF!
B134: PRIMA (A+B) | C134: =+ROUND(($C$132)*#REF!,0) -> #REF! | D134: =+ROUND(($D$132)*#REF!,0) -> #REF! | E134: =+ROUND(($E$132)*#REF!,0) -> #REF! | F134: =+ROUND(($F$132)*#REF!,0) -> #REF! | G134: =+ROUND(($G$132)*#REF!,0) -> #REF! | H134: =+ROUND(($H$132)*#REF!,0) -> #REF!
B135: INTERÉS DE CESANTIA (CX12%) | C135: =+ROUND(($C$132)*#REF!,0) -> #REF! | D135: =+ROUND(($D$132)*#REF!,0) -> #REF! | E135: =+ROUND(($E$132)*#REF!,0) -> #REF! | F135: =+ROUND(($F$132)*#REF!,0) -> #REF! | G135: =+ROUND(($G$132)*#REF!,0) -> #REF! | H135: =+ROUND(($H$132)*#REF!,0) -> #REF!
B136: FONDO FORMACIÓN PROFESIONAL DEL SENA (A+12/40) | C136: =+ROUND(($C$132)*#REF!,0) -> #REF! | D136: =+ROUND(($D$132)*#REF!,0) -> #REF! | E136: =+ROUND(($E$132)*#REF!,0) -> #REF! | F136: =+ROUND(($F$132)*#REF!,0) -> #REF! | G136: =+ROUND(($G$132)*#REF!,0) -> #REF! | H136: =+ROUND(($H$132)*#REF!,0) -> #REF!
B137: AUX. TRANSP CON DESC (B/30)-(360-18) | C137: =+ROUND(($C$132)*#REF!,0) -> #REF! | D137: =+ROUND(($D$132)*#REF!,0) -> #REF! | E137: =+ROUND(($E$132)*#REF!,0) -> #REF! | F137: =+ROUND(($F$132)*#REF!,0) -> #REF! | G137: =+ROUND(($G$132)*#REF!,0) -> #REF! | H137: =+ROUND(($H$132)*#REF!,0) -> #REF!
B138: SALUD, ENFERMEDAD GENERAL Y MUERTE SEGÚN CREE | C138: =+ROUND(($C$132)*#REF!,0) -> #REF! | D138: =+ROUND(($D$132)*#REF!,0) -> #REF! | E138: =+ROUND(($E$132)*#REF!,0) -> #REF! | F138: =+ROUND(($F$132)*#REF!,0) -> #REF! | G138: =+ROUND(($G$132)*#REF!,0) -> #REF! | H138: =+ROUND(($H$132)*#REF!,0) -> #REF!
B139: PENSIÓN ((A*12)*12%) | C139: =+ROUND(($C$132)*#REF!,0) -> #REF! | D139: =+ROUND(($D$132)*#REF!,0) -> #REF! | E139: =+ROUND(($E$132)*#REF!,0) -> #REF! | F139: =+ROUND(($F$132)*#REF!,0) -> #REF! | G139: =+ROUND(($G$132)*#REF!,0) -> #REF! | H139: =+ROUND(($H$132)*#REF!,0) -> #REF!
B140: RIESGOS PROFESIONALES ((A*12)*6,96) | C140: =+ROUND(($C$132)*#REF!,0) -> #REF! | D140: =+ROUND(($D$132)*#REF!,0) -> #REF! | E140: =+ROUND(($E$132)*#REF!,0) -> #REF! | F140: =+ROUND(($F$132)*#REF!,0) -> #REF! | G140: =+ROUND(($G$132)*#REF!,0) -> #REF! | H140: =+ROUND(($H$132)*#REF!,0) -> #REF!
B141: CAJA DE COMPENSACIÓN (A*12)*4%) | C141: =+ROUND(($C$132)*#REF!,0) -> #REF! | D141: =+ROUND(($D$132)*#REF!,0) -> #REF! | E141: =+ROUND(($E$132)*#REF!,0) -> #REF! | F141: =+ROUND(($F$132)*#REF!,0) -> #REF! | G141: =+ROUND(($G$132)*#REF!,0) -> #REF! | H141: =+ROUND(($H$132)*#REF!,0) -> #REF!
B142: SENA SEGÚN CREE | C142: =+ROUND(($C$132)*#REF!,0) -> #REF! | D142: =+ROUND(($D$132)*#REF!,0) -> #REF! | E142: =+ROUND(($E$132)*#REF!,0) -> #REF! | F142: =+ROUND(($F$132)*#REF!,0) -> #REF! | G142: =+ROUND(($G$132)*#REF!,0) -> #REF! | H142: =+ROUND(($H$132)*#REF!,0) -> #REF!
B143: ICBF SEGÚN CREE | C143: =+ROUND(($C$132)*#REF!,0) -> #REF! | D143: =+ROUND(($D$132)*#REF!,0) -> #REF! | E143: =+ROUND(($E$132)*#REF!,0) -> #REF! | F143: =+ROUND(($F$132)*#REF!,0) -> #REF! | G143: =+ROUND(($G$132)*#REF!,0) -> #REF! | H143: =+ROUND(($H$132)*#REF!,0) -> #REF!
B144: DOTACIÓN | C144: =+IF(C127<=2,ROUND((#REF!)*C131,0),0) -> 0 | D144: =+IF(D127<=2,ROUND((#REF!)*D131,0),0) -> 0 | E144: =+IF(E127<=2,ROUND((#REF!)*E131,0),0) -> #REF! | F144: =+IF(F127<=2,ROUND((#REF!)*F131,0),0) -> #REF! | G144: =+IF(G127<=2,ROUND((#REF!)*G131,0),0) -> 0 | H144: =+IF(H127<=2,ROUND((#REF!)*H131,0),0) -> #REF!
B145: EXAMEN MÉDICO | C145: =+ROUND(($C$132)*#REF!,0) -> #REF! | D145: =+ROUND(($D$132)*#REF!,0) -> #REF! | E145: =+ROUND(($E$132)*#REF!,0) -> #REF! | F145: =+ROUND(($F$132)*#REF!,0) -> #REF! | G145: =+ROUND(($G$132)*#REF!,0) -> #REF! | H145: =+ROUND(($H$132)*#REF!,0) -> #REF!
B146: TOTAL (X) | C146: =SUM(C131:C145)-6 -> #REF! | D146: =SUM(D131:D145)+3 -> #REF! | E146: =SUM(E131:E145) -> #REF! | F146: =SUM(F131:F145) -> #REF! | G146: =SUM(G131:G145) -> #REF! | H146: =SUM(H131:H145) -> #REF! | I146: =+I127*12 -> 3000000
B147: TOTAL MES | C147: =ROUND(C146/12,0) -> #REF! | D147: =D146/12 -> #REF! | E147: =E146/12 -> #REF! | F147: =F146/12 -> #REF! | G147: =G146/12 -> #REF! | H147: =H146/12 -> #REF! | I147: =I146/12 -> 250000 | J147: =+D147/D130 -> #REF! | K147: =+G147/30 -> #REF!
B148: FACTOR PRESTACIONAL | C148: =+C147/C130 -> #REF! | D148: =+D146/D131 -> #REF! | E148: =+E146/E131 -> #REF! | F148: =+F146/F131 -> #REF! | G148: =+G146/G131 -> #REF! | H148: =+H146/H131 -> #REF! | I148: =I147/12 -> 20833.333 | J148: =+D148/D131 -> #REF! | K148: =+G148/30 -> #REF!
G149: =+G147+H147+I147 -> #REF!
G150: =+G146/G131 -> #REF!
B151: DESCRIPCION | C151: RECURSOS HUMANOS | D151: MAESTRO AUXILIAR | E151: CONTRAMAESTRO | F151: EJERO | G151: OFICIALES | H151: AYUDANTES | I151: TECNICO EN SEGURIDAD INDUSTRIAL | J151: AUXILIAR ADMINISTRATIVO | K151: MAESTRO GENERAL
B153: SALARIO ANUAL SMMLV | C153: 2.3 | D153: 2 | E153: 1.8 | F153: 1.5 | G153: 2 | H153: 1 | I153: 2.3 | J153: 1 | K153: 2.3
B154: AUX TRANS ANUAL SIN DESC (B*12) | C154: =+C155*12 -> 0 | D154: =+D155*12 -> 0 | E154: =+E155*12 -> 0 | F154: =+F155*12 -> 0 | G154: =+G155*12 -> 0 | H154: =+H155*12 -> 0 | I154: =+I155*12 -> 0 | J154: =+J155*12 -> 0 | K154: =+K155*12 -> 0
B155: (B) AUX TRANS MES | C155: =+IF(C153<=2,$D$11,0) -> 0 | D155: =+IF(D153<=2,$D$11,0) -> 0 | E155: =+IF(E153<=2,$D$11,0) -> 0 | F155: =+IF(F153<=2,$D$11,0) -> 0 | G155: =+IF(G153<=2,$D$11,0) -> 0 | H155: =+IF(H153<=2,$D$11,0) -> 0 | I155: =+IF(I153<=2,$D$11,0) -> 0 | J155: =+IF(J153<=2,$D$11,0) -> 0 | K155: =+IF(K153<=2,$D$11,0) -> 0
B156: (A) SALARIO MES | C156: =ROUND($D$10*C153,0) -> 460000 | D156: =ROUND($D$10*D153,0) -> 400000 | E156: =ROUND($D$10*E153,0) -> 360000 | F156: =ROUND($D$10*F153,0) -> 300000 | G156: =ROUND($D$10*G153,0) -> 400000 | H156: =ROUND($D$10*H153,0) -> 200000 | I156: =ROUND($D$10*I153,0) -> 460000 | J156: =ROUND($D$10*J153,0) -> 200000 | K156: =ROUND($D$10*K153,0) -> 460000
B157: SUELDO ANUAL (Ax 12) | C157: =+ROUND(C156*12,0) -> 5520000 | D157: =+ROUND(D156*12,0) -> 4800000 | E157: =+ROUND(E156*12,0) -> 4320000 | F157: =+ROUND(F156*12,0) -> 3600000 | G157: =+ROUND(G156*12,0) -> 4800000 | H157: =+ROUND(H156*12,0) -> 2400000 | I157: =+ROUND(I156*12,0) -> 5520000 | J157: =+ROUND(J156*12,0) -> 2400000 | K157: =+ROUND(K156*12,0) -> 5520000
...

Sheet CUADRILLAS
A1: MUNICIPIO DE CAUCASIA
A2: SECRETARIA DE PLANEACION Y OBRAS PUBLICAS
A4: CUADRO DE SALARIOS
A6: OBJETO:
A7: =[15]PRESUPUESTO!A8 -> MANTENIMIENTO Y REPARACION DE LAS INSTALACIONES DEL COLISEO CUBIERTO DEL MUNICIPIO DE CAUCASIA - ANTIOQUIA.
C9: 1423500
A10: DESCRIPCION | B10: CUADRILLAS | C10: COSTO
A11: 1 AYUDANTE | B11: CUADRILLA 1 | C11: =ROUND(B25*1*'[15]SALARIOS Y PRESTACIONES '!J29,0) -> 70561
A12: 2 AYUDANTES | B12: CUADRILLA 2 | C12: =ROUND(B25*2*'[15]SALARIOS Y PRESTACIONES '!J29,0) -> 141122
A13: 1 OFICIAL + 1 AYUDANTE | B13: CUADRILLA 3 | C13: =ROUND(( (B21*'[15]SALARIOS Y PRESTACIONES '!I29)+('[15]SALARIOS Y PRESTACIONES '!J29*[15]CUADRILLAS!B26)),0) -> 205599
A14: 1 OFICIAL + 2 AYUDANTES | B14: CUADRILLA 4 | C14: =ROUND(((B21*'[15]SALARIOS Y PRESTACIONES '!I29)+([15]CUADRILLAS!B26*2*'[15]SALARIOS Y PRESTACIONES '!J29)),0) -> 276160
A15: 1 OFICIAL + 6 AYUDANTES | B15: CUADRILLA 5 | C15: =ROUND(((B21*'[15]SALARIOS Y PRESTACIONES '!I29)+([15]CUADRILLAS!B26*6*'[15]SALARIOS Y PRESTACIONES '!J29)),0) -> 558405
A16: 1 SOLDADOR + 1 AYUDANTE | B16: CUADRILLA 6 | C16: =ROUND(((B22*'[15]SALARIOS Y PRESTACIONES '!I29)+(B23*'[15]SALARIOS Y PRESTACIONES '!J29)),0) -> 240880
A17: 1 TOPOGRAFO + 1 CADENERO | B17: CUADRILLA 7 | C17: =ROUND(((B23*'[15]SALARIOS Y PRESTACIONES '!E29)+(B25*'[15]SALARIOS Y PRESTACIONES '!F29)),0) -> 162649
A20: DESCRIPCION | B20: SALARIO (DIA) | C20: PRESTACIONES | D20: SALARIO (MES)
A21: OFICIAL | B21: ='[15]SALARIOS Y PRESTACIONES '!I16/30 -> 86666.667 | C21: ='[15]SALARIOS Y PRESTACIONES '!I29 -> 1.5581333 | D21: =C21*30*B21 -> 4051146.7
A22: SOLDADOR | B22: ='[15]SALARIOS Y PRESTACIONES '!I16/30 -> 86666.667 | C22: ='[15]SALARIOS Y PRESTACIONES '!I29 -> 1.5581333 | D22: =C22*30*B22 -> 4051146.7
A23: CADENERO | B23: ='[15]SALARIOS Y PRESTACIONES '!F16/30 -> 65000 | C23: ='[15]SALARIOS Y PRESTACIONES '!F29 -> 1.5815333 | D23: =C23*30*B23 -> 3083990
A24: TOPOGRAFO | B24: ='[15]SALARIOS Y PRESTACIONES '!E16/30 -> 130000 | C24: ='[15]SALARIOS Y PRESTACIONES '!E29 -> 1.4479333 | D24: =C24*30*B24 -> 5646940
A25: AYUDANTE | B25: ='[15]SALARIOS Y PRESTACIONES '!J16/30 -> 43333.333 | C25: ='[15]SALARIOS Y PRESTACIONES '!J29 -> 1.6283333 | D25: =C25*30*B25 -> 2116833.3
A26: TECNOLOGO | B26: ='[15]SALARIOS Y PRESTACIONES '!H42/30 -> 108333.33 | C26: ='[15]SALARIOS Y PRESTACIONES '!H55 -> 1.45 | D26: =C26*30*B26 -> 4712500
A27: INGENIERO | B27: ='[15]SALARIOS Y PRESTACIONES '!D16/30 -> 173333.33 | C27: ='[15]SALARIOS Y PRESTACIONES '!D29 -> 1.4479333 | D27: =C27*30*B27 -> 7529253.3
